 Dungeon Crawl Stone Soup version 0.31-a0-672-g7da72447bb (webtiles) character file.

Game seed: 5822426713298512453

5156100 flestrin the Conqueror (level 27, 175/226 HPs)
             Began as a Demonspawn Shapeshifter on Sept 2, 2023.
             Was an Initiate of Gozag.
             Escaped with the Orb
             ... and 9 runes on Sept 4, 2023!
             The game lasted 09:38:42 (133189 turns).

flestrin the Conqueror (Demonspawn Shapeshifter)  Turns: 133189, Time: 09:38:42

Health: 175/226    AC: 47    Str: 26    XL:     27
Magic:  2/39       EV: 21    Int: 21    God:    Gozag
Gold:   2280       SH: 29    Dex: 17    Spells: 27/59 levels left

rFire   + +          +
                       - Unarmed
rCold   + + +        K - +2 shield of Resistance {rF++ rC++ Will++}
rNeg    + + .        (body armour currently unavailable)
rPois   ∞            X - +2 helmet of Inevitability {Will+ Slay+2}
rElec   +            w - +4 dragonskin cloak
rCorr   +            (gloves unavailable)
SInv    +            (boots currently unavailable)
Will    +++++        S - amulet of Tabikil {Reflect Drain rN+ Regen+ SH+5}
Stlth   +            v - ring of Dofigef {Wiz rF++ Str+4 Int+6}
HPRegen 1.37/turn    s - ring of Mienn {Fly rPois rC+++ Int+3 SInv}
MPRegen 0.26/turn

%: reflection, wizardry (x1)
@: statue-form, flying, studying 2 skills, very slow
A: slow and powerful, torment resistance 1, boosted hp, claws 3, yellow scales
3, demonic guardian 3, spiny 3, black mark, bedeviling, aura of silence, large
bone plates 1, frail 3, low MP 1, screaming 1, electricity resistance,
teleportitis 1, weak 1, heat vulnerability 1, inability to drink after injury 1,
inability to read after injury 2
0: Orb of Zot
}: 9/15 runes: decaying, serpentine, slimy, silver, iron, obsidian, icy, bone,
abyssal
a: Begin Untransformation, Renounce Religion, Potion Petition, Call Merchant,
Bribe Branch


You escaped.
You worshipped Gozag.
Gozag was most pleased with you.
You were a living statue of rough stone.
You visited 18 branches of the dungeon, and saw 86 of its levels.
You visited the Abyss 7 times.
You visited 1 bazaar.
You also visited: Gauntlet, Ice Cave and Wizlab.

You collected 54366 gold pieces.
You spent 9621 gold pieces at shops.
You paid 42465 gold pieces to Gozag.

Inventory:

Hand Weapons
 b - the +3 greatsling "Punk" {acid, rCorr}
   (You took it off a minotaur in a Gauntlet)

   rCorr:     It protects you from acid and corrosion.
Armour
 w - the +4 dragonskin cloak (worn)
   (You took it off Tiamat on level 4 of the Depths)

   Avatar's Aegis: It grants the wearer a chance to resist fire, cold, poison,
   electricity, acid, and negative energy.
 K - the +2 shield of Resistance (worn) {rF++ rC++ Will++}
   (You bought it in a shop on level 8 of the Dungeon)

   rF++:      It greatly protects you from fire.
   rC++:      It greatly protects you from cold.
   Will++:    It greatly increases your willpower.
 X - the +2 helmet of Inevitability (worn) {Will+ Slay+2}
   (You bought it in a shop on level 2 of the Dungeon)

   Slay+2:    It affects your accuracy & damage with ranged weapons and melee
   (+2).
   Will+:     It increases your willpower.
Jewellery
 k - the ring "Baesarph" {rC+ rN+ Str+3}
   (You found it on level 7 of the Iron City of Dis)

   [ring of positive energy]

   Str+3:     It affects your strength (+3).
   rC+:       It protects you from cold.
   rN+:       It protects you from negative energy.
 s - the ring of Mienn (right claw) {Fly rPois rC+++ Int+3 SInv}
   (You bought it in a shop on level 3 of the Depths)

   [ring of flight]

   Int+3:     It affects your intelligence (+3).
   rC+++:     It renders you almost immune to cold.
   rPois:     It protects you from poison SInv: It lets you see invisible.
   Fly:       It grants you flight.
 v - the ring of Dofigef (left claw) {Wiz rF++ Str+4 Int+6}
   (You bought it in a shop on level 1 of the Lair of Beasts)

   [ring of wizardry]

   Wiz:       It improves your spell success rate.
   Str+4:     It affects your strength (+4).
   Int+6:     It affects your intelligence (+6).
   rF++:      It greatly protects you from fire.
 E - the ring "Caast" {rF+ rN+ Str+3}
   (You found it on level 7 of Cocytus)

   [ring of protection from fire]

   Str+3:     It affects your strength (+3).
   rF+:       It protects you from fire.
   rN+:       It protects you from negative energy.
 H - the ring "Uxkel" {Will+ rCorr Str+2 Int+2 Stlth+}
   (You found it on level 5 of the Pits of Slime)

   [ring of willpower]

   Str+2:     It affects your strength (+2).
   Int+2:     It affects your intelligence (+2).
   Will+:     It increases your willpower.
   rCorr:     It protects you from acid and corrosion.
   Stlth+:    It makes you more stealthy.
 P - the ring of the Endless Expanse {rElec rF+ rC+ Will+}
   (You bought it in a shop on level 1 of the Lair of Beasts)

   [ring of willpower]

   rF+:       It protects you from fire.
   rC+:       It protects you from cold.
   rElec:     It insulates you from electricity.
   Will+:     It increases your willpower.
 S - the amulet of Tabikil (around neck) {Reflect Drain rN+ Regen+ SH+5}
   (You found it on level 14 of the Dungeon)

   [amulet of reflection]

   Reflect:   It reflects blocked missile attacks.
   rN+:       It protects you from negative energy.
   Regen+:    It increases your rate of health regeneration.
   Drain:     It drains your maximum health when unequipped.
   SH+5:      It affects your SH (+5).
Talismans
 C - a granite talisman (active)
Wands
 e - a wand of quicksilver (60)
 t - a wand of iceblast (93)
 y - a wand of digging (10)
 A - a wand of mindburst (37)
 D - a wand of paralysis (60)
 L - a wand of flame (97)
 W - a wand of polymorph (30)
Scrolls
 c - 4 scrolls of enchant armour
 g - 11 scrolls of immolation
 h - 7 scrolls of teleportation
 m - 4 scrolls of torment
 n - 3 scrolls of noise
 p - 5 scrolls of poison
 r - 6 scrolls of revelation
 B - 7 scrolls of fear
 F - 3 scrolls of butterflies
 I - 13 scrolls of vulnerability
 O - 8 scrolls of blinking
 Q - 5 scrolls of silence
 U - 4 scrolls of fog
Potions
 a - 4 potions of haste
 f - 13 potions of attraction
 i - 3 potions of magic
 j - 2 potions of invisibility
 l - 2 potions of cancellation
 o - 28 potions of curing
 q - 6 potions of brilliance
 u - 5 potions of might
 x - 9 potions of enlightenment
 z - 7 potions of ambrosia
 J - 3 potions of berserk rage
 M - 12 potions of heal wounds
 R - 5 potions of resistance
 Y - 7 potions of lignification
Miscellaneous
 G - a lightning rod (4/4)
 V - a phial of floods


   Skills:
 O Level 27 Fighting
 - Level 14.0 Ranged Weapons
 - Level 11.5 Armour
 * Level 15.0 Dodging
 - Level 0.3 Stealth
 + Level 25.3 Shields
 * Level 26.8 Unarmed Combat
 + Level 16.8 Spellcasting
 + Level 21.3 Hexes
 + Level 26.3 Shapeshifting


You had 27 spell levels left.
You knew the following spells:

 Your Spells              Type           Power      Damage    Failure   Level
a - Enfeeble              Hex            51%        N/A       1%          7
b - Portal Projectile     Hex/Tloc       100%       N/A       1%          3
c - Slow                  Hex            100%       N/A       0%          1
d - Tukima's Dance        Hex            100%       N/A       0%          3
e - Blink                 Tloc           34%        N/A       1%          2
g - Inner Flame           Hex/Fire       76%        N/A       1%          3
h - Discord               Hex            51%        N/A       1%          8
i - Yara's Violent Unrav  Hex/Tmut       38%        3d15      1%          5

Your spell library contained the following spells:

 Spells                   Type           Power      Damage    Failure   Level
 Confusing Touch          Hex            100%       N/A       0%          3
 Cause Fear               Hex            51%        N/A       0%          4
 Apportation              Tloc           34%        N/A       1%          1
 Freeze                   Ice            68%        1d8       1%          1
 Kiss of Death            Conj/Necr      68%        2d10      1%          1
 Magic Dart               Conj           68%        1d6       1%          1
 Necrotise                Necr           68%        1d7       1%          1
 Sandblast                Erth           34%        2d9       1%          1
 Sting                    Tmut/Pois      68%        1d6       1%          1
 Summon Small Mammal      Summ           68%        N/A       1%          1
 Call Imp                 Summ           34%        N/A       1%          2
 Ensorcelled Hibernation  Hex/Ice        100%       N/A       1%          2
 Lesser Beckoning         Tloc           34%        N/A       1%          2
 Momentum Strike          Conj/Tloc      34%        3d8       1%          2
 Poisonous Vapours        Pois/Air       34%        N/A       1%          2
 Scorch                   Fire           34%        2d6       1%          2
 Static Discharge         Conj/Air       34%        2-4/arc   1%          2
 Wereblood                Tmut           17%        N/A       1%          2
 Dazzling Flash           Conj/Hex       100%       N/A       1%          3
 Anguish                  Hex/Necr       38%        N/A       1%          4
 Fulminant Prism          Conj/Hex       38%        3d17      1%          4
 Leda's Liquefaction      Hex/Erth       38%        N/A       1%          4
 Metabolic Englaciation   Hex/Ice        38%        N/A       1%          5
 Call Canine Familiar     Summ           17%        N/A       4%          3
 Frozen Ramparts          Ice            34%        1d6       4%          3
 Gell's Gravitas          Tloc           17%        N/A       4%          3
 Hailstorm                Conj/Ice       17%        3d6       4%          3
 Mephitic Cloud           Conj/Pois/Air  17%        N/A       4%          3
 Ozocubu's Armour         Ice            17%        N/A       4%          3
 Stone Arrow              Conj/Erth      34%        3d9       4%          3
 Teleport Other           Tloc           17%        N/A       4%          3
 Vampiric Draining        Necr           17%        2d7       4%          3
 Volatile Blastmotes      Fire/Tloc      34%        2d12      4%          3
 Airstrike                Air            8%         2d(2-18)  13%         4
 Animate Armour           Summ/Erth      34%        N/A       13%         4
 Flame Wave               Conj/Fire      17%        2d7       13%         4
 Iskenderun's Mystic Bla  Conj/Tloc      17%        2d5       13%         4
 Manifold Assault         Tloc           17%        N/A       13%         4
 Olgreb's Toxic Radiance  Pois           17%        N/A       13%         4
 Petrify                  Tmut/Erth      17%        N/A       13%         4
 Sticky Flame             Conj/Fire      17%        2d4       13%         4
 Summon Ice Beast         Ice/Summ       17%        N/A       13%         4
 Summon Lightning Spire   Summ/Air       17%        N/A       13%         4
 Vhi's Electric Charge    Tloc/Air       34%        N/A       13%         4
 Alistair's Intoxication  Tmut/Pois      11%        N/A       34%         5
 Arcjolt                  Conj/Air       8%         1d18      34%         5
 Borgnjor's Vile Clutch   Necr/Erth      8%         N/A       34%         5
 Fireball                 Conj/Fire      8%         3d6       34%         5
 Freezing Cloud           Conj/Ice/Air   8%         6-21      34%         5
 Irradiate                Conj/Tmut      8%         3d14      34%         5
 Iskenderun's Battlesphe  Conj           17%        2d7       34%         5
 Lee's Rapid Deconstruct  Erth           8%         3d7*      34%         5
 Dispersal                Tloc           8%         N/A       87%         6
 Leda's Unmaking          Conj/Erth      8%         9d2       87%         6
 Plasma Beam              Fire/Air       8%         2x1d19    87%         6
 Starburst                Conj/Fire      8%         6d4       87%         6
 Summon Cactus Giant      Summ           8%         N/A       87%         6
 Ozocubu's Refrigeration  Ice            8%         4d9       100%        7
 Spellforged Servitor     Conj/Summ      8%         N/A       100%        7
 Disjunction              Tloc           8%         N/A       100%        8
 Ignition                 Fire           8%         3d5       100%        8
 Lehudib's Crystal Spear  Conj/Erth      8%         10d4      100%        8
 Maxwell's Capacitive Co  Air            8%         ∞         100%        8
 Death's Door             Necr           8%         N/A       100%        9
 Dragon's Call            Summ           8%         N/A       100%        9
 Polar Vortex             Ice            8%         12d1*     100%        9
 Sublimation of Blood     Necr           Unusable   N/A       N/A         2
 Animate Dead             Necr           Unusable   N/A       N/A         4
 Simulacrum               Ice/Necr       Unusable   N/A       N/A         6

Dungeon Overview and Level Annotations

Branches:
Dungeon (15/15)            Temple (1/1) D:4            Lair (5/5) D:9
  Swamp (4/4) Lair:2        Snake (4/4) Lair:2        Slime (5/5) Lair:5
    Orc (2/2) D:12            Elf (3/3) Orc:2        Vaults (5/5) D:13
  Crypt (3/3) Vaults:3       Tomb (1/3) Crypt:3      Depths (4/4) D:15
   Hell (visited)             Dis (7/7) Hell            Geh (7/7) Hell
    Coc (7/7) Hell            Tar (7/7) Hell            Zot (5/5) Depths:4
  IceCv (visited)          WizLab (visited)         Gauntlet (visited)

Altars:
Ashenzari
Cheibriados
Dithmenos
Fedhas
Gozag
Hepliaklqana
Kikubaaqudgha
Makhleb
Nemelex Xobeh
Okawaru
Qazlal
Ru
Sif Muna
Trog
Uskayaw
Vehumet
Wu Jian
Xom
Yredelemnul

Shops:
D:2 **?[   D:8 =[   D:10 [   D:11 (   D:13 [   Orc:2 [=(*   Elf:3 =
Lair:1 =*[!:*:=*   Lair:3 ?   Lair:5 [   Snake:1 ?   Snake:3 *[   Vaults:2 [
Depths:1 :   Depths:2 !   Depths:3 [(**[=**=[*

Portals:
Hell: Depths:1 Depths:2 Depths:3 Depths:4
Abyss: Depths:3
Pandemonium: Depths:2 Depths:4
Ziggurat: Depths:3

Annotations:
Slime:3 Donald


Innate Abilities, Weirdness & Mutations

You are a living statue of rough stone.
Your actions are slow, but your melee attacks are powerful.
You are resistant to unholy torment.
Your maximum health is greatly increased.
Your equipment is partially melded.
You are immune to poison.
You have claws for hands.
(You are completely covered in yellow scales. (AC +4, rCorr))
A powerful demonic guardian rushes to your aid.
You are completely covered in sharp spines.
Your melee attacks may debilitate your foes.
Your hexes are more powerful.
You are surrounded by an aura of silence.
You are partially covered in large bone plates. (SH +4)
You are extremely frail. (-30% HP)
Your magical capacity is low. (-10% MP)
You occasionally shout uncontrollably at your foes.
You are resistant to electric shocks. (rElec)
You are occasionally teleported next to monsters.
You are weak. (Str -2)
You are vulnerable to heat. (rF-)
You occasionally lose the ability to drink potions when taking damage.
You sometimes lose the ability to read scrolls when taking damage.


Message History

You kill the Hell Sentinel!
A hellion comes into view.
The golden eye blinks at you. You resist with almost no effort.
Your Dodging skill increases to level 15!
You eviscerate the golden eye!!!
You kill the golden eye!
The golden eye disappears in a puff of smoke!
Jitet is no longer distracted by gold.
Unknown command.
The hellion gestures at you.
The sphere of damnation explodes!
The damnation engulfs you!!
Feufikys comes into view.
Feufikys screams, "Embrace submission, thou horrid dizzy-eyed dandiprat!"
A soul eater comes into view.
Feufikys moves out of view.
Casting: Enfeeble (mildly dangerous; 1% risk of failure)
Confirm with . or Enter, or press ? or * to list all spells.
Aiming: Enfeeble (mildly dangerous; 1% risk of failure)
Press: ? - help, Shift-Dir - straight line, f - Feufikys
Aim: Feufikys (silenced, unaffected by silence, will inflict weakness and antimagic, chance to daze and blind: 1%)
You feel a surge of power!
Feufikys partially resists.
Feufikys is enfeebled!
You block Feufikys's attack. x3
Unknown command.
Unknown command.
Unknown command.
Feufikys tramples you but does no damage.
Jitet blinks!
You block Feufikys's attack. The soul eater hits you!
Unknown command.
Blink to where?
Press: ? - help, Dir - move target, p - Feufikys
As you read the scroll of blinking, it crumbles to dust.
Blink to where?
Press: ? - help, Dir - move target
As you read the scroll of blinking, it crumbles to dust.
Unknown command.
Blink to where?
Press: ? - help, Dir - move target
As you read the scroll of blinking, it crumbles to dust.
You have escaped!

##..≈≈≈≈≈§≈≈≈§ #...≈≈≈§≈§§§≈§
#....≈§≈§≈≈§§§≈
#######.....≈≈≈§§≈§≈≈§#
#...........≈≈≈§≈≈§≈§≈#
#...........≈≈§§§§≈≈≈§#
#............≈≈≈≈§§≈≈≈#
##........##..≈§≈≈§§≈≈§# ##
###.........8#.§.≈≈§§§≈§≈#
.####................≈≈≈≈≈≈.≈#
......##.........###....≈≈.≈≈#
......#....###...##.........≈#
...........# #...########...##
........#..# #...# ##..###
..####.##..####.## ##..##
#..###......# #.# #..##
#...##.####.###.######.##


There were no monsters in sight!

Vanquished Creatures
  Antaeus (Coc:7)
  Asmodeus (Geh:7)
  the Serpent of Hell (Coc:7)
  10 dread liches
  Dispater (Dis:7)
  Tiamat (Depths:4)
  9 ancient liches
  6 orbs of fire
  2 juggernauts (Dis:7)
  10 Killer Klowns
  22 shard shrikes
  the Lernaean hydra (Swamp:3)
  4 royal mummies (Tomb:1)
  Saint Roka (Crypt:2)
  Bai Suzhen (Vaults:3)
  Margery (Vaults:4)
  Parghit (Zot:2)
  A curse toe (Zot:3)
  15 caustic shrikes
  9 golden dragons
  Geryon (Hell)
  Jory (Vaults:4)
  26 profane servitors
  27 bone dragons
  12 doom hounds
  18 Tzitzimimeh
  8 Brimstone Fiends
  Rupert (D:15)
  A spectral shard shrike (Tar:2)
  13 iron giants
  2 walking crystal tomes
  2 electric golems
  Jorgrun (D:15)
  28 Orb Guardians
  Mlioglotl (Swamp:2)
  Asterion (Snake:3)
  2 walking earthen tomes
  28 tainted leviathans
  6 hellephants
  21 Hell Sentinels
  13 Ice Fiends
  25 tentacled monstrosities
  Grunn (Zot:2)
  10 liches
  6 deep elf master archers
  4 deep elf blademasters
  8 titans
  5 Executioners
  23 searing wretches
  An acid blob (shapeshifter) (Vaults:5)
  4 quicksilver dragons
  37 tentacled starspawn
  36 ancient champions
  15 acid blobs
  11 sphinxes
  12 death cobs
  7 tengu reavers
  17 shadow dragons
  3 thorn hunters
  Roxanne (Swamp:1)
  Agnes (D:15)
  6 storm dragons
  2 daevas
  An azure jelly (shapeshifter) (Depths:2)
  24 fire giants
  Aizul (Vaults:4)
  4 fenstrider witches
  30 azure jellies
  8 draconian monks
  4 revenants
  14 frost giants
  14 quicksilver elementals
  4 pandemonium lords
  8 rockslimes
  7 draconian knights
  14 nagarajas
  22 narguns
  An emperor scorpion (Abyss:1)
  5 ghost moths
  3 curse skulls
  9 deep elf sorcerers
  9 draconian shifters
  8 draconian scorchers
  An angel (Abyss:1)
  Louise (Swamp:1)
  8 deep elf elementalists
  5 iron dragons
  28 balrugs
  7 shard shrike simulacra
  10 vault wardens
  13 ironbound preservers
  A juggernaut zombie (Hell)
  3 orc warlords
  2 spectral caustic shrikes
  2 ghost moths (shapeshifter)
  6 ghouls
  2 spriggan defenders
  5 draconian annihilators
  2 draconian stormcallers
  22 reapers
  9 stone giants
  2 caustic shrike skeletons
  An ophan (Abyss:4)
  26 war gargoyles
  25 very ugly things
  30 putrid mouths
  11 quicksilver oozes
  A juggernaut skeleton (Hell)
  6 vampire knights
  4 eleionomae
  8 ironbound thunderhulks
  22 elemental wellsprings
  13 dire elephants
  11 green draconians
  11 purple draconians
  13 black draconians
  A demonspawn black sun (Zot:1)
  9 white draconians
  6 lorocyprocas
  6 yellow draconians
  A minotaur (Gauntlet)
  13 red draconians
  7 deep elf annihilators
  5 deep elf demonologists (Elf:3)
  A spark wasp (shapeshifter) (Vaults:4)
  7 bunyips
  22 wendigos
  The ghost of Vupaekk the Geomancer, a journeyman DsEE of Vehumet (Orc:1)
  An acid blob zombie (Crypt:3)
  A green death (D:5)
  4 crystal guardians
  3 deep elf death magi
  9 spark wasps
  A spectral quicksilver dragon (Tar:1)
  5 mummy priests (Tomb:1)
  14 eidola
  A shambling mangrove (Swamp:4)
  11 iron golems
  A merfolk impaler (Depths:4)
  A blizzard demon (Abyss:1)
  11 ettins
  2 entropy weavers
  12 fire dragons
  3 spectral krakens (Tar:7)
  A quicksilver dragon zombie (Hell)
  4 jiangshi
  2 spectral spriggans
  8 great orbs of eyes
  15 yaktaur captains
  5 deep elf high priests
  Josephine (D:10)
  6 ice dragons
  5 spriggan zombies
  8 salamander tyrants
  35 vault guards
  19 hydras
  3 peacekeepers
  2 ghost crabs
  2 sphinx zombies
  16 caustic shrike simulacra
  11 rakshasas
  2 jorogumos (shapeshifter)
  An Orb Guardian zombie (Crypt:2)
  A hell beast (D:9)
  7 juggernaut simulacra
  9 anacondas
  2 spriggan air magi
  2 alligators (shapeshifter)
  11 alligators
  6 ogre magi
  5 boulder beetles
  A radroach (shapeshifter) (Abyss:3)
  A spriggan skeleton (Abyss:1)
  The ghost of Vorhees the Thaumaturge, a journeyman DjAr of Makhleb (D:10)
  8 ironbound frosthearts
  16 stokers
  4 satyrs
  12 two-headed ogres
  5 death knights
  13 centaur warriors
  3 deep troll earth magi
  A spectral stone giant (Tar:2)
  6 death scarabs (Tomb:1)
  6 tengu warriors
  18 naga warriors
  34 dancing weapons
  39 hell hogs
  The ghost of Maratek the Cleaver, a novice DsFi (D:11)
  7 deep troll shamans
  6 demonic crawlers
  10 shock serpents
  2 spectral dire elephants (Tar:4)
  7 vampire magi
  27 thrashing horrors
  2 titan zombies
  25 naga sharpshooters
  3 orc high priests
  17 sun demons
  15 death yaks
  23 hell knights
  Nergalle (Orc:2)
  A shock serpent (shapeshifter) (Vaults:5)
  5 spriggan berserkers
  26 wretched stars
  4 soul eaters
  12 crystal echidnas
  2 titan skeletons
  Lodul (D:12)
  14 deep elf knights
  9 iron trolls
  4 skysharks
  3 salamander mystics
  25 skeletal warriors
  3 goliath frogs
  6 quicksilver dragon simulacra
  4 shadow wraiths
  A spark wasp zombie (Hell)
  A shadow demon (Depths:3)
  10 sixfirhies
  A spatial maelstrom (Abyss:4)
  6 naga ritualists
  An orange crystal statue (IceCv)
  2 spriggan druids
  A spectral bunyip (Tar:1)
  A spectral anaconda (Tar:3)
  9 flayed ghosts
  97 slime creatures
  40 deep trolls
  An iron giant zombie (Crypt:2)
  A lindwurm (shapeshifter) (Abyss:1)
  4 kraken simulacra (Coc:7)
  2 spectral hydras (Tar:4)
  3 spriggan simulacra
  An orb spider (Abyss:2)
  17 deep elf zephyrmancers
  12 swamp dragons
  A fenstrider witch simulacrum (Coc:2)
  A tengu zombie (Crypt:1)
  14 phantasmal warriors
  14 ironbound convokers
  10 glowing orange brains
  5 bog bodies
  12 deep elf archers
  A wolf spider zombie (D:15)
  6 mana vipers
  12 orc knights
  8 wizards
  5 oklob plants
  16 necromancers
  45 ugly things
  A wolf spider (Lair:5)
  35 deep elf pyromancers
  2 shadow dragon skeletons
  15 salamanders
  32 moths of wrath
  13 lindwurms
  A harpy (shapeshifter) (Abyss:4)
  A frost giant zombie (Hell)
  3 fauns (WizLab)
  4 stone giant zombies
  6 orc sorcerers
  13 shining eyes
  8 worldbinders
  An alligator skeleton (Hell)
  6 will-o-the-wisps
  6 cyclopes
  93 large abominations
  A manticore (D:11)
  10 naga magi
  14 elephants
  A spectral centaur (Tar:1)
  A naga zombie (Crypt:1)
  A guardian serpent (shapeshifter) (Abyss:1)
  10 ice statues
  2 torpor snails (shapeshifter)
  5 torpor snails
  6 titan simulacra
  2 water nymphs (Abyss:4)
  9 vault sentinels
  13 orange demons
  2 centaur skeletons
  4 eyes of devastation
  3 apocalypse crabs (Abyss:4)
  26 black mambas
  16 guardian serpents
  3 gargoyles
  4 rust devils
  A dire elephant skeleton (Crypt:3)
  5 molten gargoyles (Hell)
  8 spectral swamp worms (Tar:7)
  An emperor scorpion simulacrum (Coc:1)
  2 cane toads (shapeshifter)
  19 cane toads
  2 naga skeletons
  23 hellions
  6 unseen horrors
  A redback zombie (Crypt:3)
  37 smoke demons
  A rime drake (shapeshifter) (Abyss:1)
  5 kobold demonologists
  4 tengu conjurers
  7 guardian mummies (Tomb:1)
  11 anaconda simulacra
  11 ice devils
  2 rime drakes
  14 freezing wraiths
  40 yaktaurs
  21 tormentors
  5 komodo dragons
  4 hydra zombies
  3 golden dragon simulacra
  2 red devils
  4 spectral nagas
  7 efreet
  2 iron giant simulacra
  21 ancient zymes
  8 silent spectres
  3 spectral harpies
  10 hellwings
  2 harpy zombies
  3 meliai (D:13)
  A queen bee (shapeshifter) (Abyss:4)
  9 trolls
  11 tyrant leeches
  23 hornets
  A polar bear (Lair:5)
  2 harpy skeletons
  An alligator simulacrum (Hell)
  2 tarantellas
  13 blink frogs
  An ettin zombie (Hell)
  3 hydra skeletons
  89 raiju
  5 stone giant simulacra
  3 iron dragon simulacra
  A spectral black mamba (Tar:1)
  2 dream sheep (Lair:4)
  6 air elementals
  A jumping spider (shapeshifter) (Abyss:2)
  42 flying skulls
  A spriggan (shapeshifter) (D:12)
  A guardian serpent skeleton (Crypt:3)
  23 ynoxinuls
  A culicivora (shapeshifter) (Vaults:4)
  A yak (shapeshifter) (Elf:3)
  A merfolk skeleton (Crypt:1)
  46 yaks
  An elf zombie (Vaults:4)
  A wind drake zombie (Crypt:1)
  12 spriggans
  9 dire elephant simulacra
  An ice dragon skeleton (Crypt:1)
  18 wraiths
  A shadow (D:12)
  6 fire elementals
  20 water elementals
  11 wyverns
  7 ushabtiu (Tomb:1)
  An ettin skeleton (Hell)
  2 vampires (D:12)
  14 neqoxecs
  3 basilisks
  157 starcursed masses
  13 fire bats
  A golden eye (shapeshifter) (Abyss:2)
  8 golden eyes
  A basilisk (shapeshifter) (Abyss:4)
  8 humans
  A steam dragon (shapeshifter) (Elf:1)
  3 steam dragons
  An alligator snapping turtle simulacrum (Coc:2)
  A sea snake simulacrum (Hell)
  20 chaos spawn
  25 vampire mosquitoes
  Menkaure (D:4)
  6 redbacks
  2 glowing shapeshifter zombies
  4 wargs
  13 harpy simulacra
  21 swamp worms
  An acid dragon (D:14)
  38 nagas
  2 floating eyes (shapeshifter)
  17 water moccasins
  3 hydra simulacra
  2 floating eyes
  A water moccasin (shapeshifter) (Abyss:1)
  A demonspawn skeleton (Crypt:1)
  A water nymph skeleton (Crypt:2)
  2 hornet zombies
  5 hell hounds
  5 black bears
  9 swamp drakes
  A glowing shapeshifter skeleton (Vaults:4)
  2 ice beasts (shapeshifter) (Abyss:1)
  2 human zombies
  A blink frog zombie (Crypt:1)
  32 orc warriors
  2 sky beasts
  A sky beast (shapeshifter) (Abyss:1)
  A cane toad skeleton (Crypt:3)
  81 small abominations
  9 ettin simulacra
  A merfolk simulacrum (Coc:1)
  23 wolves
  A fire dragon simulacrum (Elf:2)
  A centaur (shapeshifter) (Abyss:1)
  13 ogres
  A black mamba simulacrum (Elf:2)
  A blink frog skeleton (Crypt:2)
  9 centaurs
  A draconian zombie (Crypt:2)
  A phantom (D:4)
  8 kobold brigands
  Blork the orc (Orc:2)
  11 bullfrogs
  4 earth elementals
  2 gnoll sergeants
  A necrophage (Crypt:1)
  A scorpion (shapeshifter) (Abyss:1)
  A komodo dragon skeleton (Crypt:3)
  13 scorpions
  2 hornet simulacra (D:15)
  26 wights
  A lindwurm simulacrum (IceCv)
  9 killer bees
  4 electric eels
  A shapeshifter skeleton (Crypt:1)
  A yak skeleton (Crypt:1)
  6 howler monkeys
  2 jellies
  A centaur zombie (Crypt:3)
  8 quasits
  A wolf skeleton (Crypt:1)
  9 iron imps
  3 hounds
  18 orc priests
  A basilisk skeleton (Crypt:2)
  6 sleepcaps
  3 gnoll boudas
  3 iguanas
  26 orc wizards
  5 hell rats (Hell)
  3 troll simulacra (Elf:2)
  9 mummies (Tomb:1)
  13 gnolls
  A gnoll (shapeshifter) (Abyss:1)
  6 adders
  4 naga simulacra
  A river rat (shapeshifter) (Abyss:1)
  2 shadow imps (Abyss:1)
  10 white imps
  5 ufetubi
  A worm zombie (Crypt:1)
  4 dart slugs
  A worm (D:2)
  70 orcs
  8 endoplasms
  2 giant cockroaches
  7 goblins
  3 hobgoblins
  A jackal (shapeshifter) (Abyss:1)
  4 quokkas
  7 ball pythons
  6 bats
  A frilled lizard (shapeshifter) (Abyss:1)
  7 frilled lizards
  2 frilled lizard skeletons (Crypt:2)
  50 kobolds
  8 rats
  A rat (shapeshifter) (Abyss:1)
  A river rat zombie (Crypt:1)
  5 creeping infernos
  11 fire vortices
  6 lurking horrors
  21 starspawn tentacles
  7 tentacles
4277 creatures vanquished.

Vanquished Creatures (collateral kills)
  the Royal Jelly (Slime:5)
  Ereshkigal (Tar:7)
  An ancient lich (Dis:1)
  2 shard shrikes
  A curse toe (Crypt:3)
  7 caustic shrikes
  A golden dragon (Zot:5)
  Norris (Depths:1)
  A bone dragon (Tar:5)
  2 Tzitzimimeh
  A hellephant (Geh:5)
  Zenata (Vaults:3)
  2 Ice Fiends (Coc:7)
  An electric golem (Zot:5)
  A tentacled monstrosity (Zot:2)
  3 titans (Coc:7)
  A sphinx (Vaults:4)
  An ancient champion (Tomb:1)
  3 acid blobs
  3 tentacled starspawn (Abyss:4)
  A storm dragon (Zot:5)
  2 rockslimes (Slime:5)
  A revenant (Abyss:4)
  An azure jelly (Slime:5)
  4 balrugs
  3 fire giants
  A fenstrider witch (WizLab)
  A frost giant (Coc:7)
  2 draconian scorchers (Zot:5)
  A quicksilver ooze (Slime:3)
  An ironbound preserver (Vaults:4)
  2 very ugly things (Abyss:4)
  2 elemental wellsprings
  2 black draconians (Zot:5)
  A wendigo (Coc:7)
  2 white draconians
  2 deep elf death magi (Elf:3)
  A shambling mangrove (WizLab)
  3 great orbs of eyes (Slime:3)
  A deep elf high priest (Elf:3)
  A hydra (Lair:5)
  A juggernaut simulacrum (Coc:7)
  A deep troll shaman (Depths:1)
  3 death yaks
  2 dancing weapons (Elf:2)
  A centaur warrior (WizLab)
  5 hell hogs (Geh:3)
  A deep troll earth mage (Depths:1)
  A naga sharpshooter (WizLab)
  2 hell knights (Abyss:4)
  A crystal echidna (Dis:4)
  A soul eater (Zot:1)
  2 skeletal warriors
  8 deep trolls
  3 large abominations (Abyss:4)
  A swamp dragon (Lair:4)
  A deep elf archer (Elf:2)
  3 deep elf pyromancers
  5 deep elf zephyrmancers
  An orc sorcerer (Elf:1)
  A salamander (shapeshifter) (Abyss:1)
  A salamander (Snake:2)
  A shining eye (Slime:5)
  A moth of wrath (Zot:2)
  A worldbinder (Abyss:4)
  A black mamba (Snake:4)
  A titan simulacrum (Coc:1)
  2 smoke demons
  A vault sentinel (Vaults:5)
  An eye of devastation (Slime:3)
  An apocalypse crab (Abyss:4)
  A torpor snail (Lair:5)
  3 hellions
  An efreet (Abyss:2)
  An ancient zyme (Abyss:4)
  A tarantella (shapeshifter) (Elf:1)
  9 raiju
  19 slime creatures
  A ynoxinul (Abyss:4)
  A flying skull (Crypt:3)
  An ushabti (Tomb:1)
  A fire bat (Abyss:2)
  20 starcursed masses
  2 neqoxecs (Abyss:4)
  2 nagas
  2 water moccasins (Lair:5)
  An ettin simulacrum (Coc:4)
  A wolf (Lair:5)
  A kobold brigand (D:7)
  7 small abominations
  A kobold (D:7)
  A creeping inferno (Geh:3)
  A fire vortex (Geh:3)
203 creatures vanquished.

Vanquished Creatures (others)
  A lich (Depths:2)
  An eldritch tentacle (Depths:4)
  A draconian monk (Zot:5)
  A draconian scorcher (Depths:4)
  3 shard shrike simulacra
  A balrug (Geh:3)
  A draconian annihilator (Abyss:4)
  A wendigo (Coc:7)
  2 deep elf death magi
  A deep elf high priest (Elf:3)
  2 caustic shrike simulacra
  A juggernaut simulacrum (Coc:4)
  A stoker (Geh:7)
  A hell hog (Geh:3)
  A hell knight (Abyss:4)
  A deep elf knight (Elf:1)
  A spriggan druid (Swamp:4)
  A quicksilver dragon simulacrum (Coc:4)
  5 spriggan simulacra
  2 deep elf archers
  A necromancer (Abyss:4)
  2 deep elf zephyrmancers
  A deep elf pyromancer (Elf:3)
  2 ugly things (Abyss:4)
  A moth of wrath (Zot:5)
  A worldbinder (Abyss:4)
  2 smoke demons
  A titan simulacrum (Coc:4)
  An unseen horror (shapeshifter) (Elf:1)
  A hellion (Geh:3)
  A tormentor (Dis:6)
  A bloated husk (Swamp:2)
  A hornet (Swamp:1)
  A tyrant leech (Swamp:4)
  A harpy skeleton (Abyss:4)
  9 raiju
  An iron dragon simulacrum (Coc:6)
  A slime creature (Slime:5)
  A stone giant simulacrum (Coc:2)
  2 air elementals (Elf:1)
  6 small abominations
  2 dire elephant simulacra
  A water elemental (Elf:1)
  2 naga simulacra
  An alligator snapping turtle simulacrum (Coc:1)
  A human (Zot:4)
  2 starcursed masses (Abyss:4)
  5 harpy simulacra
  A naga (Snake:2)
  2 ettin simulacra
  2 large abominations (Abyss:1)
  A jelly (Abyss:2)
  3 gnolls (D:11)
  An ufetubus (Abyss:4)
  4 creeping infernos
  A fire vortex (Geh:3)
  26 foxfires
  10 lurking horrors
  63 starspawn tentacles
  29 tentacles
224 creatures vanquished.

Grand Total: 4704 creatures vanquished

Notes
Turn   | Place    | Note
-------+----------+-------------------------------------------
     0 | D:1      | flestrin the Demonspawn Shapeshifter began the quest for
                  | the Orb.
     0 | D:1      | Reached XP level 1. HP: 15/15 MP: 1/1
    67 | D:1      | Gained mutation: You have sharp fingernails. [demonic
                  | ancestry]
    67 | D:1      | Reached XP level 2. HP: 16/21 MP: 2/2
   173 | D:1      | Reached skill level 2 in Fighting
   306 | D:1      | Found a faded altar of an unknown god.
   474 | D:1      | Gained mutation: You have very sharp fingernails. [demonic
                  | ancestry]
   474 | D:1      | Reached XP level 3. HP: 27/27 MP: 3/3
   786 | D:2      | Found Edghoun's Magic Scroll Shoppe.
   792 | D:2      | Bought a scroll of identify for 20 gold pieces
   841 | D:2      | Found Odghorph's General Store.
   843 | D:2      | Found Giman's General Store.
  1116 | D:2      | Found Xuax's Antique Armour Shop.
  1392 | D:3      | Reached XP level 4. HP: 30/34 MP: 4/4
  1394 | D:3      | Reached skill level 3 in Fighting
  2052 | D:4      | Noticed Menkaure
  2060 | D:3      | Reached XP level 5. HP: 41/41 MP: 5/5
  2215 | D:4      | Killed Menkaure
  2216 | D:4      | Reached skill level 4 in Fighting
  2216 | D:4      | Reached XP level 6. HP: 33/48 MP: 3/6
  2719 | D:4      | Reached skill level 5 in Unarmed Combat
  2719 | D:4      | Gained mutation: You are partially covered in yellow
                  | scales. (AC +2) [demonic ancestry]
  2719 | D:4      | Reached XP level 7. HP: 43/55 MP: 7/7
  2873 | D:4      | Found a staircase to the Ecumenical Temple.
  2881 | Temple   | Entered the Ecumenical Temple
  2896 | Temple   | Became a worshipper of Gozag Ym Sagoz the Greedy
  3347 | D:4      | Found a shimmering altar of Xom.
  3440 | D:5      | Entered Level 5 of the Dungeon
  3881 | D:5      | Reached skill level 5 in Fighting
  4156 | D:5      | Identified the +6 whip "Dadoj" {venom, Int+3 Dex+3}
  4278 | D:5      | Gained mutation: A weak demonic guardian rushes to your
                  | aid. [demonic ancestry]
  4278 | D:5      | Reached XP level 8. HP: 62/62 MP: 8/8
  4602 | D:5      | Found a sacrificial altar of Ru.
  5021 | D:6      | Reached skill level 6 in Fighting
  5221 | D:6      | Reached skill level 5 in Dodging
  5822 | D:7      | Reached XP level 9. HP: 71/71 MP: 9/9
  5947 | D:6      | Reached skill level 5 in Shapeshifting
  7110 | D:7      | Reached skill level 7 in Fighting
  8139 | D:8      | Found Ruamnesu's Jewellery Shop.
  8323 | D:9      | Identified the +3 falchion of Charity {flame, Int+3}
  8352 | D:9      | Noticed an ogre mage
  8747 | D:9      | Gained mutation: You are partially covered in sharp spines.
                  | [demonic ancestry]
  8747 | D:9      | Reached XP level 10. HP: 80/80 MP: 10/10
  8804 | D:9      | Found a staircase to the Lair.
  9186 | D:9      | Reached skill level 8 in Fighting
  9208 | D:9      | Noticed a brown ugly thing
  9221 | D:9      | Killed a brown ugly thing
  9430 | D:10     | Entered Level 10 of the Dungeon
  9430 | D:10     | Noticed a tengu warrior
  9430 | D:10     | Found a transporter.
  9451 | D:10     | Found a transporter.
  9454 | D:10     | Noticed Vorhees's ghost (journeyman DjAr)
  9529 | D:10     | Reached skill level 1 in Shields
  9593 | D:10     | Found Koulen's Antique Armour Shop.
  9605 | D:10     | Noticed a smoke demon
 10110 | D:10     | Noticed a moth of wrath
 10298 | D:10     | Found a bloodstained altar of Trog.
 10304 | D:10     | Noticed a two-headed ogre
 10353 | D:10     | Noticed Josephine
 10403 | D:10     | Killed Josephine
 10404 | D:10     | Gained mutation: You are mostly covered in sharp spines.
                  | [demonic ancestry]
 10404 | D:10     | Reached XP level 11. HP: 46/87 MP: 11/11
 10416 | D:10     | Noticed a two-headed ogre
 10931 | D:10     | Killed a two-headed ogre
 10932 | D:10     | Reached skill level 9 in Fighting
 11134 | D:10     | Noticed a two-headed ogre
 11899 | D:8      | Bought the +2 shield of Resistance {rF++ rC++ Will++} for
                  | 1057 gold pieces
 11899 | D:8      | Found the +2 shield of Resistance {rF++ rC++ Will++}
 12087 | D:11     | Noticed Maratek's ghost (novice DsFi)
 12088 | D:11     | Found a transporter.
 12088 | D:11     | Noticed a two-headed ogre
 12089 | D:11     | Found a transporter.
 12089 | D:11     | Identified the +7 dire flail of Grandeur {drain, rPois rC+}
 12089 | D:11     | Noticed a two-headed ogre
 12089 | D:11     | Noticed a two-headed ogre
 12090 | D:11     | Noticed a two-headed ogre
 12219 | D:11     | Found Coorr's Antique Weapon Shop.
 12642 | D:12     | Found a staircase to the Orcish Mines.
 12678 | D:12     | Noticed a boulder beetle
 12714 | D:12     | Killed a boulder beetle
 12775 | D:12     | Reached skill level 5 in Shields
 12955 | D:12     | Noticed a deep elf pyromancer
 12955 | D:12     | Noticed a two-headed ogre
 12955 | D:12     | Noticed a white ugly thing
 12971 | D:11     | Killed a two-headed ogre
 13085 | D:11     | Killed a deep elf pyromancer
 13201 | D:11     | Killed a white ugly thing
 13202 | D:11     | Gained mutation: You are mostly covered in yellow scales.
                  | (AC +3) [demonic ancestry]
 13202 | D:11     | Reached XP level 12. HP: 87/97 MP: 12/12
 13434 | D:12     | Reached skill level 10 in Fighting
 13733 | D:12     | Noticed Lodul
 13749 | D:12     | Killed Lodul
 14028 | Lair:1   | Entered Level 1 of the Lair of Beasts
 14394 | Lair:1   | Reached skill level 10 in Unarmed Combat
 14795 | Lair:2   | Noticed a five-headed hydra
 14813 | Lair:2   | Killed a five-headed hydra
 15009 | Lair:2   | Found a staircase to the Snake Pit.
 15546 | Lair:2   | Found a staircase to the Swamp.
 16050 | Lair:3   | Reached skill level 1 in Armour
 16532 | Lair:3   | Reached skill level 11 in Fighting
 16532 | Lair:3   | Gained mutation: Your hexes are more powerful. [demonic
                  | ancestry]
 16532 | Lair:3   | Reached XP level 13. HP: 76/106 MP: 13/13
 17251 | Lair:4   | Found a gate leading to a gauntlet.
 17258 | Gauntlet | Entered a Gauntlet
 17258 | Gauntlet | Found a transporter.
 17258 | Gauntlet | Found a large runed translucent door.
 17258 | Gauntlet | Found a large runed translucent door.
 17258 | Gauntlet | Found a large runed translucent door.
 17258 | Gauntlet | Found a large runed translucent door.
 17258 | Gauntlet | Found a runed translucent door.
 17258 | Gauntlet | Found a runed translucent door.
 17258 | Gauntlet | Found a large runed translucent door.
 17258 | Gauntlet | Found a large runed translucent door.
 17258 | Gauntlet | Found a large runed translucent door.
 17258 | Gauntlet | Found a large runed translucent door.
 17258 | Gauntlet | Found a large runed translucent door.
 17258 | Gauntlet | Found a large runed translucent door.
 17260 | Gauntlet | Found a large runed translucent door.
 17260 | Gauntlet | Found a large runed translucent door.
 17272 | Gauntlet | Found a transporter.
 17283 | Gauntlet | Found a transporter.
 17288 | Gauntlet | Found a transporter.
 17305 | Gauntlet | Found a transporter.
 17323 | Gauntlet | Found a transporter.
 17335 | Gauntlet | Found a transporter.
 17341 | Gauntlet | Found a transporter.
 17356 | Gauntlet | Found a transporter.
 17359 | Gauntlet | Noticed a green death
 17365 | Gauntlet | Found a transporter.
 17380 | Gauntlet | Found a transporter.
 17397 | Gauntlet | Found a transporter.
 17417 | Gauntlet | Found a transporter.
 17417 | Gauntlet | Found a transporter.
 17504 | Gauntlet | Found a transporter.
 17524 | Gauntlet | Found a large runed translucent door.
 17524 | Gauntlet | Found a large runed translucent door.
 17527 | Gauntlet | Found a runed translucent gate.
 17527 | Gauntlet | Found a runed translucent gate.
 17527 | Gauntlet | Found a runed translucent gate.
 17529 | Gauntlet | Found a transporter.
 17533 | Gauntlet | Found a transporter.
 17541 | Gauntlet | Found a large runed translucent door.
 17542 | Gauntlet | Found a large runed translucent door.
 17555 | Gauntlet | Found a transporter.
 18089 | Gauntlet | Identified the +0 helmet of the Villain {Str+2 Dex-2
                  | Stlth+}
 18090 | Gauntlet | Identified the +10 flail "Buruqounu" {protect, MP+9 Str+3
                  | Dex+3}
 18144 | Gauntlet | Identified the +3 battleaxe of Ignis's Condemnation {heavy,
                  | rElec Int+3}
 18144 | Gauntlet | Noticed a minotaur
 18163 | Gauntlet | Killed a minotaur
 18901 | Lair:4   | Identified the +0 scale mail "Jehit" {Int+3}
 19246 | Lair:4   | Reached skill level 1 in Ranged Weapons
 20055 | Lair:3   | Reached skill level 5 in Armour
 20055 | Lair:3   | Gained mutation: A demonic guardian rushes to your aid.
                  | [demonic ancestry]
 20055 | Lair:3   | Reached XP level 14. HP: 114/114 MP: 14/14
 20068 | Lair:3   | Reached skill level 12 in Fighting
 20353 | Lair:3   | Bought a scroll of acquirement for 936 gold pieces
 20359 | Lair:3   | Acquired a manual of Unarmed Combat
 20783 | Lair:4   | HP: 5/115 [poisoned by a swamp dragon (poison gas)]
 21297 | Lair:5   | Entered Level 5 of the Lair of Beasts
 21428 | Lair:5   | Reached skill level 10 in Shapeshifting
 22034 | Lair:5   | Found a runed translucent door.
 24125 | Lair:5   | Upgraded the game from 0.31-a0-664-g902f515a81 to
                  | 0.31-a0-667-g39726597b9
 25119 | Lair:5   | Identified the ring of Oworuuv {Fire rPois Dex+3}
 25186 | Lair:5   | Learned a level 3 spell: Confusing Touch
 26026 | Lair:5   | Reached XP level 15. HP: 76/122 MP: 15/15
 26346 | Lair:5   | Reached skill level 5 in Ranged Weapons
 26921 | Lair:5   | Found a staircase to the Slime Pits.
 27153 | D:10     | Bought a dazzling scale mail for 252 gold pieces
 27153 | D:10     | Identified the +1 scale mail of the Stars {Will+ Dex+5}
                  | (You bought it in a shop on level 10 of the Dungeon)
 27245 | D:10     | Reached skill level 13 in Fighting
 27534 | D:10     | Killed Vorhees's ghost
 27676 | D:10     | Reached skill level 10 in Shields
 28297 | D:11     | Killed Maratek's ghost
 28823 | D:13     | Got the Opusculum on the Amorphous Volcano
 29896 | D:13     | Found a gate to the Vaults.
 31179 | D:13     | Bought a fading scale mail for 306 gold pieces
 31179 | D:13     | Identified the +0 scale mail of Koun {Str+3} (You bought it
                  | in a shop on level 13 of the Dungeon)
 31179 | D:13     | Bought a faintly glowing chain mail for 323 gold pieces
 31179 | D:13     | Identified the +3 chain mail "Geman" {Str+7} (You bought it
                  | in a shop on level 13 of the Dungeon)
 32492 | D:14     | Identified the amulet of Tabikil {Reflect Drain rN+ Regen+
                  | SH+5}
 33166 | Lair:1   | Bought a scroll of blinking for 105 gold pieces
 33258 | Orc:1    | Entered Level 1 of the Orcish Mines
 33428 | Orc:2    | Entered Level 2 of the Orcish Mines
 34052 | Orc:2    | Noticed Nergalle
 34069 | Orc:2    | Killed Nergalle
 34086 | Orc:2    | Learned a level 3 spell: Portal Projectile
 34215 | Orc:2    | Noticed Blork the orc
 34219 | Orc:2    | Killed Blork the orc
 34429 | Orc:2    | Found Aviohag's Antique Armour Boutique.
 34446 | Orc:2    | Found Vafitwopt's Jewellery Boutique.
 34477 | Orc:2    | Found Appaf's Antique Weapon Boutique.
 34479 | Orc:2    | Found Panyusuang's General Store.
 34915 | Orc:2    | Found a staircase to the Elven Halls.
 35552 | Orc:1    | Identified the +7 plate armour of Ymirr {Rampage Str+4
                  | Int-4}
 35554 | Orc:1    | Found a runed translucent gate.
 35556 | Orc:1    | Found a runed translucent gate.
 35556 | Orc:1    | Found a runed translucent gate.
 35568 | Orc:1    | Noticed Vupaekk's ghost (journeyman DsEE)
 35568 | Orc:1    | Identified the +9 chain mail of Dithmenos's Generosity
                  | {-Tele Dex+4}
 36097 | Orc:1    | Killed Vupaekk's ghost
 36150 | Orc:1    | Reached XP level 16. HP: 131/131 MP: 16/16
 36823 | D:15     | Entered Level 15 of the Dungeon
 37169 | D:15     | Noticed Jorgrun
 37184 | D:15     | Killed Jorgrun
 37657 | D:15     | Noticed Rupert
 37672 | D:15     | Killed Rupert
 38003 | D:15     | Noticed Agnes
 38009 | D:15     | Killed Agnes
 38104 | D:15     | Found a staircase to the Depths.
 38161 | D:15     | Identified the +1 leather armour "Zuom" {MP+9 Int+7 Dex-5}
 38208 | D:15     | Found an ornate altar of the Wu Jian Council.
 38748 | Snake:1  | Entered Level 1 of the Snake Pit
 39910 | Snake:1  | Bought a scroll of identify for 28 gold pieces
 39921 | Snake:1  | Reached skill level 15 in Shapeshifting
 40167 | Snake:2  | Acquired the ring "Socritecesh" {*Corrode +Blink Fly Int+4
                  | Dex+6}
 40444 | Snake:2  | Gained mutation: You have claws for hands. [demonic
                  | ancestry]
 40444 | Snake:2  | Reached XP level 17. HP: 137/137 MP: 17/17
 41085 | Snake:3  | Found Yni One's Armour Emporium.
 41085 | Snake:3  | Found Askawn's General Store.
 41432 | Snake:4  | Entered Level 4 of the Snake Pit
 41432 | Snake:4  | Found a frozen archway.
 41676 | IceCv    | Entered an ice cave
 41697 | IceCv    | Found a transporter.
 41900 | IceCv    | Found a transporter.
 42121 | Snake:4  | Reached skill level 14 in Fighting
 42581 | Snake:4  | Reached skill level 15 in Unarmed Combat
 42642 | Snake:4  | Got a serpentine rune of Zot
 42710 | Snake:4  | Noticed Asterion
 42889 | Snake:3  | Killed Asterion
 43104 | Snake:4  | Gained mutation: Your melee attacks may debilitate your
                  | foes. [demonic ancestry]
 43104 | Snake:4  | Reached XP level 18. HP: 147/147 MP: 18/18
 43207 | Snake:4  | Identified the +0 helmet of Righ {Regen+ Int-2 Dex+5}
 43535 | D:2      | Bought a faintly glowing helmet for 209 gold pieces
 43535 | D:2      | Identified the +2 helmet of Inevitability {Will+ Slay+2}
                  | (You bought it in a shop on level 2 of the Dungeon)
 43717 | Swamp:1  | Entered Level 1 of the Swamp
 43813 | Swamp:1  | Noticed Louise
 43822 | Swamp:1  | Killed Louise
 43858 | Swamp:1  | Noticed Roxanne
 43871 | Swamp:1  | Killed Roxanne
 44200 | Swamp:1  | Identified the +9 broad axe "Hezure" {freeze, Str+2}
 44358 | Lair:1   | Bought a potion of curing for 36 gold pieces
 44358 | Lair:1   | Bought a potion of curing for 36 gold pieces
 44358 | Lair:1   | Bought a potion of curing for 36 gold pieces
 44358 | Lair:1   | Bought a potion of haste for 120 gold pieces
 44358 | Lair:1   | Bought a potion of curing for 36 gold pieces
 44662 | Swamp:2  | Noticed a tentacled monstrosity
 44672 | Swamp:2  | Killed a tentacled monstrosity
 44704 | Swamp:2  | Noticed Mlioglotl
 44713 | Swamp:2  | Killed Mlioglotl
 45117 | Swamp:3  | Identified the +0 chain mail of the Glamorous Clam {rN+
                  | Str+5}
 45132 | Swamp:3  | Reached skill level 1 in Hexes
 45163 | Swamp:3  | Reached skill level 1 in Spellcasting
 45553 | Swamp:4  | Entered Level 4 of the Swamp
 45840 | Swamp:3  | Reached skill level 15 in Fighting
 46319 | Swamp:4  | Got the Volume of Reanimation Made Easy
 46497 | Swamp:4  | Noticed the 27-headed Lernaean hydra
 47265 | D:9      | Learned a level 1 spell: Slow
 47844 | Swamp:4  | Gained mutation: Your spells are a little easier to cast,
                  | but a little less powerful. [mutagenic glow]
 47850 | Swamp:4  | Got a decaying rune of Zot
 47854 | Swamp:4  | Gained mutation: You occasionally lose the ability to read
                  | scrolls when taking damage. [mutagenic glow]
 47861 | Swamp:4  | Gained mutation: Your magical capacity is low. (-10% MP)
                  | [mutagenic glow]
 48437 | Vaults:1 | Entered Level 1 of the Vaults
 48689 | Vaults:1 | Reached XP level 19. HP: 155/155 MP: 21/21
 49375 | Vaults:1 | Learned a level 3 spell: Tukima's Dance
 49661 | Vaults:1 | Learned a level 2 spell: Blink
 49972 | Lair:1   | Lost mutation: Your magical capacity is low. (-10% MP)
                  | [potion of mutation]
 49972 | Lair:1   | Lost mutation: Your spells are a little easier to cast, but
                  | a little less powerful. [potion of mutation]
 49972 | Lair:1   | Lost mutation: You occasionally lose the ability to read
                  | scrolls when taking damage. [potion of mutation]
 49972 | Lair:1   | Gained mutation: Your body sometimes deteriorates upon
                  | taking damage. [potion of mutation]
 49972 | Lair:1   | Gained mutation: You are somewhat resistant to further
                  | mutation. [potion of mutation]
 49973 | Lair:1   | Lost mutation: You are somewhat resistant to further
                  | mutation. [potion of mutation]
 49973 | Lair:1   | Lost mutation: Your body sometimes deteriorates upon taking
                  | damage. [potion of mutation]
 49973 | Lair:1   | Gained mutation: You sometimes lose your temper in combat.
                  | [potion of mutation]
 49973 | Lair:1   | Gained mutation: You expend magic power (3 MP) to
                  | strengthen your wands. [potion of mutation]
 49974 | Lair:1   | Lost mutation: You expend magic power (3 MP) to strengthen
                  | your wands. [potion of mutation]
 49974 | Lair:1   | Lost mutation: You sometimes lose your temper in combat.
                  | [potion of mutation]
 49974 | Lair:1   | Gained mutation: You have hidden genetic defects. [potion
                  | of mutation]
 49974 | Lair:1   | Gained mutation: You passively map a small area around you.
                  | [potion of mutation]
 49974 | Lair:1   | Gained mutation: You are dopey. (Int -2) [potion of
                  | mutation]
 50056 | Snake:3  | Bought a potion of mutation for 128 gold pieces
 50056 | Snake:3  | Lost mutation: You have hidden genetic defects. [potion of
                  | mutation]
 50056 | Snake:3  | Lost mutation: You are dopey. (Int -2) [potion of mutation]
 50056 | Snake:3  | Lost mutation: You passively map a small area around you.
                  | [potion of mutation]
 50056 | Snake:3  | Gained mutation: You are frail. (-10% HP) [potion of
                  | mutation]
 50056 | Snake:3  | Gained mutation: Your movements are slightly less
                  | encumbered by armour. (ER -2) [potion of mutation]
 50723 | Vaults:2 | Identified the +6 falchion "Radynu Ugga" {drain, +Blink
                  | rElec}
 51052 | Vaults:2 | Found Gobonk's Armour Boutique.
 51407 | Vaults:2 | Reached skill level 10 in Ranged Weapons
 51563 | Vaults:2 | Reached skill level 5 in Hexes
 51638 | Vaults:3 | Noticed Bai Suzhen
 51649 | Vaults:3 | Killed Bai Suzhen
 52270 | Vaults:3 | Identified the +11 orcbow "Giokkeun" {speed, rPois rN+
                  | rCorr Str+3}
 52795 | Lair:1   | Bought the ring of Dofigef {Wiz rF++ Str+4 Int+6} for 981
                  | gold pieces
 52849 | Lair:1   | Bought a potion of curing for 108 gold pieces
 52849 | Lair:1   | Bought a potion of haste for 360 gold pieces
 53042 | Vaults:3 | Noticed Zenata
 53051 | Vaults:3 | Killed Zenata
 53336 | Vaults:3 | Reached skill level 5 in Spellcasting
 53617 | Vaults:3 | Gained mutation: A powerful demonic guardian rushes to your
                  | aid. [demonic ancestry]
 53617 | Vaults:3 | Reached XP level 20. HP: 147/147 MP: 27/27
 53965 | Vaults:3 | Found a staircase to the Crypt.
 53965 | Vaults:3 | Found an ancient bone altar of Kikubaaqudgha.
 53965 | Vaults:3 | Found a basalt altar of Yredelemnul.
 54419 | Vaults:4 | Reached skill level 16 in Fighting
 54422 | Vaults:4 | Found a flickering gateway to a bazaar.
 54433 | Bazaar   | Entered a bazaar
 54433 | Bazaar   | Found Pishroqor's Assorted Antiques.
 54433 | Bazaar   | Found Loeriez's Assorted Antiques.
 54435 | Bazaar   | Found Micol's Book Emporium.
 54461 | Bazaar   | Found Fuecs's Book Shoppe.
 54657 | Vaults:4 | Found a magical portal.
 54684 | WizLab   | Entered Eringya's Formal Garden
 55128 | WizLab   | Found a blossoming altar of Fedhas.
 55348 | Vaults:4 | Noticed Aizul
 55745 | Vaults:4 | Killed Aizul
 55832 | Vaults:4 | Noticed Jory
 55850 | Vaults:4 | Killed Jory
 56307 | Vaults:4 | Noticed Margery
 56315 | Vaults:4 | Killed Margery
 56783 | Vaults:4 | Identified the +5 orcbow "Efuhuag" {freeze, rF+}
 57096 | Depths:1 | Entered Level 1 of the Depths
 57104 | Depths:1 | Noticed Norris
 57487 | Depths:1 | Killed Norris
 57506 | Depths:1 | Reached XP level 21. HP: 154/154 MP: 31/31
 57655 | Depths:1 | Found Xedofont's Book Shoppe.
 57911 | Depths:1 | Found a gateway to Hell.
 58369 | Depths:2 | Found Suran's Distillery.
 58398 | Depths:2 | Bought a potion of curing for 60 gold pieces
 58398 | Depths:2 | Bought a potion of haste for 200 gold pieces
 58398 | Depths:2 | Bought a potion of heal wounds for 100 gold pieces
 58601 | Depths:2 | You fall into a shaft and drop 2 floors!
 58601 | Depths:4 | Entered Level 4 of the Depths
 58633 | Depths:4 | Found a one-way gate leading to the halls of Pandemonium.
 58817 | Depths:3 | Found Sakassat's General Store.
 58839 | Depths:3 | Found Vasopp's Armour Shop.
 58851 | Depths:3 | Found a one-way gate to the infinite horrors of the Abyss.
 58872 | Depths:3 | Paralysed by a floating eye for 3 turns
 58880 | Depths:3 | Paralysed by a floating eye for 2 turns
 58969 | Depths:3 | Found Sikhaoce's Antique Weapon Boutique.
 59003 | Depths:3 | Found a one-way gateway to a ziggurat.
 59211 | Depths:2 | Reached skill level 17 in Fighting
 60066 | Depths:2 | Identified the +6 falchion "Vischina" {flame, rC+ Stlth+}
 60668 | Depths:2 | Noticed a caustic shrike
 60674 | Depths:2 | Killed a caustic shrike
 60852 | Depths:2 | Paralysed by a floating eye for 2 turns
 61043 | Depths:3 | Found Lyapsis's Armour Boutique.
 61524 | Depths:4 | Gained mutation: You are surrounded by an aura of silence.
                  | [demonic ancestry]
 61524 | Depths:4 | Reached XP level 22. HP: 163/163 MP: 34/34
 61830 | Depths:4 | Noticed a golden dragon
 61842 | Depths:4 | Killed a golden dragon
 61862 | Depths:4 | Found an ancient bone altar of Kikubaaqudgha.
 62051 | Depths:4 | Identified the +0 scale mail "Yxtiak" {rCorr Dex+2}
 62250 | Depths:3 | Found Mipanica's Assorted Antiques.
 62259 | Depths:3 | Bought a potion of curing for 129 gold pieces
 62849 | Depths:4 | Learned a level 3 spell: Inner Flame
 62857 | Depths:4 | Learned a level 7 spell: Enfeeble
 62900 | Depths:4 | Found a gate to the Realm of Zot.
 63135 | Depths:3 | Identified the +10 falchion "Mess" {protect, rPois Str+3
                  | SInv}
 63805 | Depths:3 | Gained mutation: You sometimes lose your temper in combat.
                  | [a shining eye]
 63809 | Depths:3 | Gained mutation: You do not regenerate when monsters are
                  | visible. [a shining eye]
 63813 | Depths:3 | Gained mutation: You have a pair of small horns on your
                  | head. [a shining eye]
 63997 | Depths:3 | Bought a potion of mutation for 344 gold pieces
 64090 | Depths:2 | Bought a potion of mutation for 160 gold pieces
 64091 | Depths:2 | Lost mutation: You do not regenerate when monsters are
                  | visible. [potion of mutation]
 64091 | Depths:2 | Lost mutation: Your movements are slightly less encumbered
                  | by armour. (ER -2) [potion of mutation]
 64091 | Depths:2 | Gained mutation: Your body sometimes deteriorates upon
                  | taking damage. [potion of mutation]
 64091 | Depths:2 | Lost mutation: You are frail. (-10% HP) [potion of
                  | mutation]
 64091 | Depths:2 | Gained mutation: You expend magic power (3 MP) to
                  | strengthen your wands. [potion of mutation]
 64091 | Depths:2 | Gained mutation: You are robust. (+10% HP) [potion of
                  | mutation]
 64092 | Depths:2 | Lost mutation: You sometimes lose your temper in combat.
                  | [potion of mutation]
 64092 | Depths:2 | Lost mutation: You expend magic power (3 MP) to strengthen
                  | your wands. [potion of mutation]
 64092 | Depths:2 | Gained mutation: You do not regenerate when monsters are
                  | visible. [potion of mutation]
 64523 | Crypt:1  | Entered Level 1 of the Crypt
 65395 | Crypt:1  | Reached skill level 10 in Hexes
 65547 | Crypt:1  | Reached skill level 15 in Shields
 66609 | Crypt:2  | Noticed Saint Roka
 66636 | Crypt:2  | Killed Saint Roka
 66750 | Crypt:3  | Entered Level 3 of the Crypt
 67391 | Crypt:3  | Acquired a manual of Shields
 67482 | Crypt:3  | Got Parhy's Folio of the Winter
 67483 | Crypt:3  | Found a staircase to the Tomb.
 67607 | Crypt:3  | Reached skill level 18 in Fighting
 67815 | Crypt:3  | Noticed a curse toe
 67831 | Crypt:3  | Killed a curse toe
 67832 | Crypt:3  | Gained mutation: You are completely covered in yellow
                  | scales. (AC +4, rCorr) [demonic ancestry]
 67832 | Crypt:3  | Reached XP level 23. HP: 209/209 MP: 26/36
 67958 | Crypt:3  | Found the +9 staff of Olgreb {rPois∞}
 68080 | Crypt:3  | Noticed an ancient lich
 68110 | Crypt:3  | Noticed a dread lich
 68110 | Crypt:3  | Noticed an ancient lich
 68139 | Crypt:3  | Killed a dread lich
 68271 | Crypt:3  | Killed an ancient lich
 68281 | Crypt:3  | Killed an ancient lich
 68346 | Crypt:3  | Identified the ring of Life {Fire Contam rN++ Int+2 SInv}
 68352 | Crypt:3  | Got the Omnibus of Necromancy
 68353 | Crypt:3  | Identified the staff "Hexy" {Drain rPois rF+ rC+ Ice}
 68519 | Vaults:5 | Entered Level 5 of the Vaults
 68988 | Vaults:5 | Noticed an ancient lich
 69215 | Vaults:5 | Noticed an ancient lich
 69231 | Vaults:4 | Killed an ancient lich
 69232 | Vaults:4 | Reached skill level 10 in Spellcasting
 69460 | Vaults:5 | Identified the +6 orcbow of Plunder {freeze, rC+ SInv}
 69472 | Vaults:5 | Identified the +10 hand axe of Bile {pain, rF++ Dex+2}
 69752 | Vaults:4 | Killed an ancient lich
 70247 | Vaults:5 | Identified the +7 whip "Udimaun" {flame, rN+ MP-9 Int+3}
 71572 | Vaults:5 | Identified the +1 robe "Tudyuc" {Str+3 Int+4 Slay+3}
 71602 | Vaults:5 | Got a silver rune of Zot
 71606 | Vaults:5 | Identified the +0 plate armour "Kous" {*Corrode Regen+
                  | Dex+5}
 71625 | Vaults:5 | Identified the +2 robe of Does {rElec}
 71839 | Vaults:5 | Identified the staff "Reikluuq" {Drain rN+ Dex+9 Stlth+
                  | Necro}
 71975 | Vaults:5 | Identified the +6 flail of Coeduas {vamp, *Corrode rC-
                  | Str+7}
 72079 | Vaults:5 | Identified the staff of the Unstoppable Xalams {*Corrode
                  | rF+ Int+5 Conj Fire}
 72410 | Vaults:5 | Lost mutation: Your body sometimes deteriorates upon taking
                  | damage. [potion of mutation]
 72410 | Vaults:5 | Lost mutation: You do not regenerate when monsters are
                  | visible. [potion of mutation]
 72410 | Vaults:5 | Lost mutation: You have a pair of small horns on your head.
                  | [potion of mutation]
 72410 | Vaults:5 | Gained mutation: Your movements are slightly less
                  | encumbered by armour. (ER -2) [potion of mutation]
 72734 | Depths:3 | Voluntarily entered the Abyss.
 72834 | Depths:3 | Escaped the Abyss
 72836 | Depths:3 | Voluntarily entered the Abyss.
 72836 | Abyss:1  | Found a corrupted altar of Lugonu.
 72840 | Abyss:1  | Found a corrupted altar of Lugonu.
 72882 | Abyss:1  | Reached XP level 24. HP: 218/218 MP: 37/37
 72886 | Abyss:1  | Noticed an ancient lich
 72895 | Abyss:1  | Killed an ancient lich
 72999 | Abyss:1  | Found a corrupted altar of Lugonu.
 73054 | Abyss:1  | Found a corrupted altar of Lugonu.
 73107 | Depths:3 | Escaped the Abyss
 73892 | Tomb:1   | Entered Level 1 of the Tomb of the Ancients
 74624 | Tomb:1   | Noticed a royal mummy
 74625 | Tomb:1   | Noticed a royal mummy
 74632 | Tomb:1   | Killed a royal mummy
 74645 | Tomb:1   | Killed a royal mummy
 74870 | Tomb:1   | Noticed a royal mummy
 74877 | Tomb:1   | Killed a royal mummy
 74895 | Tomb:1   | Noticed a royal mummy
 74924 | Tomb:1   | Killed a royal mummy
 74925 | Tomb:1   | Reached skill level 19 in Fighting
 75266 | Tomb:1   | Gained mutation: You occasionally lose the ability to read
                  | scrolls when taking damage. [mutagenic glow]
 75275 | Tomb:1   | Gained mutation: You are vulnerable to heat. (rF-)
                  | [mutagenic glow]
 75284 | Tomb:1   | Gained mutation: You sometimes lose the ability to read
                  | scrolls when taking damage. [mutagenic glow]
 75841 | Lair:1   | Bought a manual of Fighting for 1360 gold pieces
 76345 | Zot:1    | Entered Level 1 of the Realm of Zot
 76410 | Zot:1    | You fall into a shaft and drop 1 floor!
 76434 | Zot:2    | Noticed an orb of fire
 76451 | Zot:2    | Killed an orb of fire
 76624 | Zot:2    | Noticed Parghit
 76640 | Zot:2    | Killed Parghit
 76713 | Zot:1    | Found the +4 dragonskin cloak
 76713 | Zot:1    | Noticed Tiamat
 77800 | Depths:4 | Killed Tiamat
 78274 | Zot:1    | Reached XP level 25. HP: 231/231 MP: 38/38
 78439 | Zot:2    | Reached skill level 20 in Fighting
 78457 | Zot:2    | Noticed Grunn
 78648 | Zot:2    | Killed Grunn
 78692 | Zot:2    | Identified the +0 long sword of Duty {antimagic, rF+}
 79172 | Zot:2    | Identified the +0 mace of Gallantry {holy, *Noise Fragile
                  | Int+2 Dex+5}
 83022 | Zot:3    | Reached skill level 21 in Fighting
 84261 | Zot:4    | Noticed a Killer Klown
 84424 | Zot:4    | Killed a Killer Klown
 84814 | Zot:4    | Noticed a Killer Klown
 84834 | Zot:4    | Killed a Killer Klown
 85857 | Depths:3 | Voluntarily entered the Abyss.
 85928 | Abyss:1  | Found a corrupted altar of Lugonu.
 86028 | Abyss:1  | Found a corrupted altar of Lugonu.
 86502 | Abyss:1  | Paralysed by accursed screaming for 1 turns
 86609 | Abyss:1  | Lost mutation: You are robust. (+10% HP) [a neqoxec]
 86610 | Abyss:1  | Gained mutation: Armour fits poorly on your strangely
                  | shaped body. [a neqoxec]
 86617 | Abyss:1  | Paralysed by accursed screaming for 1 turns
 86624 | Abyss:1  | Paralysed by accursed screaming for 1 turns
 86641 | Depths:3 | Escaped the Abyss
 86856 | Depths:3 | Voluntarily entered the Abyss.
 86856 | Abyss:1  | Found a corrupted altar of Lugonu.
 86942 | Abyss:1  | Reached XP level 26. HP: 223/223 MP: 39/39
 87006 | Abyss:1  | Found a corrupted altar of Lugonu.
 87150 | Abyss:1  | Noticed an ancient lich
 87157 | Abyss:1  | Killed an ancient lich
 87436 | Abyss:1  | Found a corrupted altar of Lugonu.
 87454 | Abyss:1  | Noticed a dread lich
 87461 | Abyss:1  | Killed a dread lich
 87475 | Abyss:1  | Reached skill level 22 in Fighting
 87661 | Abyss:1  | Found a shimmering blue altar of Sif Muna.
 88032 | Abyss:1  | Reached skill level 15 in Hexes
 88061 | Abyss:1  | Paralysed by accursed screaming for 2 turns
 88173 | Abyss:1  | Found a corrupted altar of Lugonu.
 88354 | Abyss:1  | Paralysed by accursed screaming for 1 turns
 88377 | Abyss:1  | Found a corrupted altar of Lugonu.
 88381 | Abyss:1  | Gained mutation: You are weak. (Str -2) [a neqoxec]
 88820 | Abyss:1  | Paralysed by accursed screaming for 1 turns
 88830 | Abyss:1  | Paralysed by accursed screaming for 1 turns
 89087 | Abyss:1  | Gained mutation: Your body sometimes deteriorates upon
                  | taking damage. [a neqoxec]
 89088 | Abyss:2  | Found a corrupted altar of Lugonu.
 89867 | Abyss:2  | Gained mutation: You are dopey. (Int -2) [a neqoxec]
 89874 | Abyss:2  | Gained mutation: You are very weak. (Str -4) [a neqoxec]
 90092 | Abyss:2  | Gained mutation: You are completely covered in sharp
                  | spines. [demonic ancestry]
 90092 | Abyss:2  | Reached XP level 27. HP: 233/233 MP: 39/39
 90131 | Abyss:3  | Noticed a dread lich
 90142 | Abyss:3  | Killed a dread lich
 90366 | Depths:3 | Escaped the Abyss
 90508 | Depths:3 | Lost mutation: You are very weak. (Str -4) [potion of
                  | mutation]
 90508 | Depths:3 | Lost mutation: You are dopey. (Int -2) [potion of mutation]
 90508 | Depths:3 | Lost mutation: Your body sometimes deteriorates upon taking
                  | damage. [potion of mutation]
 90508 | Depths:3 | Gained mutation: You are partially covered in large bone
                  | plates. (SH +4) [potion of mutation]
 90508 | Depths:3 | Gained mutation: You occasionally shout uncontrollably at
                  | your foes. [potion of mutation]
 90508 | Depths:3 | Lost mutation: You are weak. (Str -2) [potion of mutation]
 90589 | Hell     | Entered the Vestibule of Hell
 90589 | Hell     | Noticed Geryon
 90906 | Hell     | Reached skill level 23 in Fighting
 90945 | Hell     | Killed Geryon
 91354 | Hell     | Noticed a dread lich
 91366 | Hell     | Killed a dread lich
 91373 | Hell     | Found a gateway to the decaying netherworld of Tartarus.
 91448 | Hell     | Found a gateway to the ashen valley of Gehenna.
 91778 | Hell     | Found a gateway to the Iron City of Dis.
 91962 | Hell     | Found a gateway to the freezing wastes of Cocytus.
 92134 | Hell     | Gained mutation: Your body sometimes deteriorates upon
                  | taking damage. [mutagenic glow]
 92193 | Geh:1    | Entered Level 1 of Gehenna
 92749 | Geh:2    | You are sucked into a shaft and drop 1 floor!
 94178 | Swamp:3  | Killed the 26-headed Lernaean hydra
 94538 | Elf:1    | Entered Level 1 of the Elven Halls
 94651 | Elf:1    | You are sucked into a shaft and drop 1 floor!
 94949 | Elf:2    | Got the Opusculum on Cold
 94959 | Elf:2    | Learned a level 8 spell: Discord
 95104 | Elf:2    | Found a runed translucent gate.
 95105 | Elf:2    | Found a runed translucent gate.
 95105 | Elf:2    | Found a runed translucent gate.
 95530 | Elf:2    | Paralysed by an air elemental for 1 turns
 96081 | Elf:1    | Found an ancient bone altar of Kikubaaqudgha.
 96483 | Elf:1    | Paralysed by an air elemental for 1 turns
 96526 | Elf:1    | Identified the staff of Arrival {rPois Str+3 Poison}
 97594 | Elf:3    | Entered Level 3 of the Elven Halls
 97677 | Elf:3    | Found Guqaep's Jewellery Boutique.
 98231 | Elf:3    | Got Umudafiq's Textbook on Clay and the Icicle
 98257 | Elf:3    | Identified the +12 flail of Death {flame, Str+3}
 99656 | Geh:3    | Found an ancient bone altar of Kikubaaqudgha.
 99924 | Geh:4    | Reached skill level 24 in Fighting
100609 | Geh:7    | Entered Level 7 of Gehenna
101612 | Geh:7    | Identified the +7 rapier "Venorgh" {flame, rPois MP+9
                  | Dex+4}
102058 | Geh:7    | Found the +13 sceptre of Asmodeus
102058 | Geh:7    | Noticed Asmodeus
102089 | Geh:7    | Killed Asmodeus
102158 | Geh:7    | Got an obsidian rune of Zot
102836 | Tar:1    | Entered Level 1 of Tartarus
105645 | Tar:5    | Reached skill level 25 in Fighting
106062 | Tar:7    | Entered Level 7 of Tartarus
108223 | Tar:7    | Noticed Ereshkigal
108804 | Tar:7    | Killed Ereshkigal
108885 | Tar:7    | Identified the +0 plate armour of Dishonour {rF+}
108888 | Tar:7    | Got a bone rune of Zot
108894 | Tar:7    | Identified the +0 broad axe "Piede" {venom, Will+ Str+4}
109766 | Depths:3 | Bought the ring of Mienn {Fly rPois rC+++ Int+3 SInv} for
                  | 890 gold pieces
109766 | Depths:3 | Gained mutation: You are frail. (-10% HP) [mutagenic glow]
110036 | Coc:1    | Entered Level 1 of Cocytus
110036 | Coc:1    | Noticed a dread lich
110041 | Coc:1    | Killed a dread lich
110203 | Coc:1    | Paralysed by a wendigo for 1 turns
110210 | Coc:1    | Paralysed by a wendigo for 1 turns
110385 | Coc:2    | Paralysed by a wendigo for 1 turns
111204 | Coc:3    | Paralysed by a wendigo for 1 turns
111347 | Coc:3    | Reached skill level 10 in Dodging
111826 | Coc:4    | Paralysed by a wendigo for 1 turns
111839 | Coc:4    | Paralysed by a wendigo for 1 turns
111971 | Coc:4    | Paralysed by a wendigo for 1 turns
112495 | Coc:5    | You are sucked into a shaft and drop 1 floor!
112652 | Coc:6    | Paralysed by a wendigo for 1 turns
113115 | Coc:7    | Entered Level 7 of Cocytus
113122 | Coc:7    | Paralysed by a wendigo for 1 turns
113197 | Coc:7    | Reached skill level 26 in Fighting
113411 | Coc:7    | Noticed the Serpent of Hell
113424 | Coc:7    | Killed the Serpent of Hell
113875 | Coc:7    | Paralysed by a wendigo for 1 turns
113955 | Coc:7    | Paralysed by a wendigo for 1 turns
113972 | Coc:7    | Paralysed by a wendigo for 1 turns
114333 | Coc:7    | Paralysed by a wendigo for 1 turns
114399 | Coc:7    | Identified the +5 broad axe of Lust {drain, rC+}
114793 | Coc:7    | Noticed Antaeus
114793 | Coc:7    | Paralysed by a wendigo for 1 turns
114806 | Coc:7    | Killed Antaeus
115245 | Coc:7    | Identified the staff of Contradiction {rElec rC+ Str+4
                  | Int+2 Dex-4 Ice}
115249 | Coc:7    | Identified the +8 dagger of Sipsumiz {heavy, Int+5 Stlth+}
115264 | Coc:7    | Identified the +3 falchion of Law {flame, rElec Stlth+}
115470 | Coc:7    | Got an icy rune of Zot
115478 | Coc:7    | Identified the ring "Caast" {rF+ rN+ Str+3}
116149 | Depths:3 | Bought a potion of haste for 350 gold pieces
116149 | Depths:3 | Bought a scroll of blinking for 262 gold pieces
116153 | Depths:3 | Voluntarily entered the Abyss.
116200 | Abyss:3  | Gained mutation: You sometimes lose your temper in combat.
                  | [a neqoxec]
116222 | Abyss:4  | Found a corrupted altar of Lugonu.
116473 | Abyss:4  | Gained mutation: You are very frail. (-20% HP) [a neqoxec]
116600 | Abyss:4  | Noticed a dread lich
116608 | Abyss:4  | Killed a dread lich
116684 | Abyss:4  | Gained mutation: You are weak. (Str -2) [a neqoxec]
116818 | Abyss:4  | Paralysed by accursed screaming for 2 turns
116822 | Abyss:4  | Noticed an ancient lich
116838 | Abyss:4  | Killed an ancient lich
116868 | Abyss:4  | Got an abyssal rune of Zot
116998 | Abyss:4  | Noticed an ancient lich
117009 | Abyss:4  | Killed an ancient lich
117033 | Depths:3 | Escaped the Abyss
117369 | Depths:3 | Upgraded the game from 0.31-a0-667-g39726597b9 to
                  | 0.31-a0-672-g7da72447bb
117482 | Dis:1    | Entered Level 1 of the Iron City of Dis
117737 | Dis:1    | Noticed a dread lich
117737 | Dis:1    | Noticed a dread lich
117737 | Dis:1    | Noticed an ancient lich
117737 | Dis:1    | Noticed a dread lich
117743 | Dis:1    | Killed a dread lich
117750 | Dis:1    | Killed a dread lich
117752 | Dis:1    | Killed an ancient lich
117754 | Dis:1    | Noticed a dread lich
117756 | Dis:1    | Killed a dread lich
117762 | Dis:1    | Noticed an ancient lich
117773 | Dis:1    | Killed a dread lich
117776 | Dis:1    | Killed an ancient lich
118130 | Hell     | Reached skill level 10 in Armour
118555 | Dis:4    | You are sucked into a shaft and drop 2 floors!
120314 | Depths:3 | Learned a level 5 spell: Yara's Violent Unravelling
120326 | Depths:3 | Voluntarily entered the Abyss.
120382 | Abyss:4  | Found a corrupted altar of Lugonu.
120384 | Abyss:4  | Reached skill level 27 in Fighting
120592 | Depths:3 | Escaped the Abyss
120702 | Depths:3 | Voluntarily entered the Abyss.
121087 | Abyss:4  | Paralysed by accursed screaming for 1 turns
121239 | Depths:3 | Escaped the Abyss
121610 | Dis:7    | Entered Level 7 of the Iron City of Dis
121708 | Dis:7    | Reached skill level 15 in Spellcasting
122436 | Dis:7    | Noticed a juggernaut
122442 | Dis:7    | Killed a juggernaut
122461 | Dis:7    | Identified the staff of Cocytus {Str+6 Dex-3 Conj}
122462 | Dis:7    | Identified the ring "Baesarph" {rC+ rN+ Str+3}
122471 | Dis:7    | Identified the +5 war axe of the Hand {venom, Dex+6}
122481 | Dis:7    | Identified the staff "Xek Wozouno" {rF+ Will+ Int+3 Fire}
122484 | Dis:7    | Identified the +5 dagger of Fragile Peace {freeze, *Rage
                  | rN+ SInv}
124306 | Dis:7    | Noticed a juggernaut
124326 | Dis:7    | Killed a juggernaut
124434 | Dis:7    | Noticed Dispater
124454 | Dis:7    | Killed Dispater
124495 | Dis:7    | Found the orb of Dispater {+Damnation *Corrode AC+5}
124534 | Dis:7    | Got an iron rune of Zot
124536 | Dis:7    | Identified the +0 scimitar of the Viper {antimagic, rElec
                  | Will- Int+3}
125452 | Vaults:2 | Identified the +0 pair of boots of Lilacs {+Inv Fly}
126078 | Slime:1  | Entered Level 1 of the Pits of Slime
126655 | Slime:1  | Gained mutation: You are clumsy. (Dex -2) [a shining eye]
126655 | Slime:1  | Gained mutation: Potions are less effective at restoring
                  | your health. [a shining eye]
126656 | Slime:1  | Gained mutation: You are very vulnerable to heat. (rF--) [a
                  | shining eye]
126764 | Slime:1  | Gained mutation: You have an uncontrollable temper. [a
                  | shining eye]
126765 | Slime:1  | Gained mutation: You have hidden genetic defects. [a
                  | shining eye]
127421 | Slime:4  | Gained mutation: Your magical capacity is low. (-10% MP) [a
                  | shining eye]
127860 | Slime:3  | Noticed Donald
128595 | Slime:5  | Entered Level 5 of the Pits of Slime
128682 | Slime:5  | Gained mutation: You are occasionally teleported next to
                  | monsters. [a shining eye]
128688 | Slime:5  | Gained mutation: You occasionally lose the ability to drink
                  | potions when taking damage. [a shining eye]
128691 | Slime:5  | Gained mutation: You are very clumsy. (Dex -4) [hidden
                  | defects]
128867 | Slime:5  | Noticed the Royal Jelly
128877 | Slime:5  | Killed the Royal Jelly
128961 | Slime:5  | Found the +8 storm bow {elec, penet}
128964 | Slime:5  | Identified the ring "Uxkel" {Will+ rCorr Str+2 Int+2
                  | Stlth+}
129008 | Slime:5  | Got a slimy rune of Zot
129031 | Slime:5  | Identified the +2 plate armour "Turrekky" {rPois rN+ rCorr}
129076 | Slime:5  | Identified the +3 war axe of Yllicoib {heavy, rPois rF- rN+
                  | Dex+4}
129077 | Slime:5  | Identified the staff "Raisin" {rN+ rCorr Stlth+ Necro}
129631 | Lair:1   | Bought the ring of the Endless Expanse {rElec rF+ rC+
                  | Will+} for 689 gold pieces
129643 | Lair:1   | Lost mutation: You occasionally shout uncontrollably at
                  | your foes. [potion of mutation]
129643 | Lair:1   | Lost mutation: Your movements are slightly less encumbered
                  | by armour. (ER -2) [potion of mutation]
129643 | Lair:1   | Lost mutation: You have an uncontrollable temper. [potion
                  | of mutation]
129644 | Lair:1   | Lost mutation: You are occasionally teleported next to
                  | monsters. [potion of mutation]
129644 | Lair:1   | Lost mutation: You sometimes lose your temper in combat.
                  | [potion of mutation]
129644 | Lair:1   | Lost mutation: You are very clumsy. (Dex -4) [potion of
                  | mutation]
129645 | Lair:1   | Lost mutation: You are clumsy. (Dex -2) [potion of
                  | mutation]
129645 | Lair:1   | Lost mutation: You are weak. (Str -2) [potion of mutation]
129645 | Lair:1   | Lost mutation: Your body sometimes deteriorates upon taking
                  | damage. [potion of mutation]
129646 | Lair:1   | Lost mutation: You are very vulnerable to heat. (rF--)
                  | [potion of mutation]
129646 | Lair:1   | Lost mutation: Armour fits poorly on your strangely shaped
                  | body. [potion of mutation]
129646 | Lair:1   | Lost mutation: Potions are less effective at restoring your
                  | health. [potion of mutation]
129646 | Lair:1   | Gained mutation: You are resistant to electric shocks.
                  | (rElec) [potion of mutation]
130072 | Zot:5    | Entered Level 5 of the Realm of Zot
130589 | Zot:5    | Gained mutation: You are occasionally teleported next to
                  | monsters. [hidden defects]
130589 | Zot:5    | Lost mutation: You have hidden genetic defects. [hidden
                  | defects expressed]
131169 | Zot:5    | Noticed an orb of fire
131173 | Zot:5    | Noticed an orb of fire
131180 | Zot:5    | Gained mutation: You occasionally shout uncontrollably at
                  | your foes. [an orb of fire]
131183 | Zot:5    | Killed an orb of fire
131189 | Zot:5    | Killed an orb of fire
131421 | Zot:5    | Noticed an orb of fire
131877 | Zot:5    | Killed an orb of fire
132213 | Zot:5    | Noticed an orb of fire
132220 | Zot:5    | Killed an orb of fire
132239 | Zot:5    | Noticed an orb of fire
132243 | Zot:5    | Gained mutation: You are extremely frail. (-30% HP) [an orb
                  | of fire]
132245 | Zot:5    | Gained mutation: You are weak. (Str -2) [an orb of fire]
132248 | Zot:5    | Killed an orb of fire
132406 | Zot:5    | Got the Orb of Zot
132536 | Zot:1    | Noticed Podawnibb the pandemonium lord
132552 | Zot:1    | Killed Podawnibb the pandemonium lord
132565 | Zot:1    | Noticed Atywihos the pandemonium lord
132582 | Zot:1    | Killed Atywihos the pandemonium lord
132709 | Depths:4 | Noticed Heexturu the pandemonium lord
132717 | Depths:4 | Killed Heexturu the pandemonium lord
132969 | D:9      | Noticed Muefesoc the pandemonium lord
132977 | D:9      | Killed Muefesoc the pandemonium lord
133041 | D:7      | Noticed Wufooxtoom the pandemonium lord
133160 | D:1      | Noticed Jitet the pandemonium lord
133178 | D:1      | Reached skill level 15 in Dodging
133181 | D:1      | Noticed Feufikys the pandemonium lord
133189 | D:$      | Escaped with the Orb!

Illustrated notes

Levels and vault maps discovered:
D:1:      dpeg_arrival_lava_altar, layout_rooms,
          dreamdust_ecumenical_altar_grove, minmay_gold_behind_fungi,
          corexii_hall_statues_t
D:2:      layout_rooms, serial_shops, nicolae_shop_crystal, shop,
          nicolae_shop_crystal, nicolae_shop_rolling_square
D:3:      layout_loops_ring
D:4:      nicolae_cairo_tiling_large_dashed, layout_basic, xom_teletrap_fun,
          minmay_temple_entry_tees, nrook_mini_backslash, uniq_menkaure
D:5:      layout_loops_ring, jmf_multi_god_temple
D:6:      layout_basic
D:7:      layout_gridville
D:8:      layout_rooms, serial_shops, shop
D:9:      layout_loops_cross, lair_entry_dummy, kennysheep_island_fort
D:10:     layout_layer_cave, serial_shops, shop,
          gammafunk_ghost_wrathful_warriors, uniq_josephine
D:11:     layout_loops_ring, serial_shops, shop, gammafunk_ghost_smash
D:12:     layout_basic, orc_0_dummy, kennysheep_generic_room_6, uniq_lodul
D:13:     layout_roguey, grunt_vaults_entry_fortified
D:14:     layout_basic, elyvilon_altar_5
D:15:     grunt_enter_depths_magical_seal, layout_loops_corners,
          pdpol_wu_jian_five_deadly_venoms, uniq_rupert, uniq_agnes,
          uniq_jorgrun
Temple:   compressed_dpeg_triangle_lava_temple
Lair:1:   layout_hall_layers, serial_bayou_shore_b
Lair:2:   layout_loops_ring, skrybe_swamp_entry_bodies, dummy_snake_entry,
          serial_bayou_shore_a, serial_bayou_shore_b
Lair:3:   layout_regular_city, beast_lair_carwin_11
Lair:4:   onia_ninara_swampy_vault, layout_loops_ring, gauntlet_entry_generic
Lair:5:   hangedman_lair_tendril_chambers, layout_layer_cave, wormcave,
          minmay_slime_entry_oklob_enclosed
Swamp:1:  layout_basic_swamp, hangedman_swamp_ruin_wall, uniq_louise,
          uniq_roxanne
Swamp:2:  layout_basic_swamp, evilmike_swamp_ruin_house_1, swamp_pool3,
          infiniplex_staircase_pool_2, uniq_mlioglotl
Swamp:3:  layout_basic_swamp, evilmike_swamp_ruin_house_4, swamp_pool3
Swamp:4:  swamp_old_school, layout_basic_swamp,
          nicolae_swamp_necromancy_gone_wrong
Snake:1:  layout_misc_corridors
Snake:2:  layout_grid_shapes
Snake:3:  layout_basic, lemuel_fruit_tree, minmay_shoptagon
Snake:4:  grunt_snake_rune_spirals, layout_onion_interference,
          portal_ice_cave_entry_pillars_2, nicolae_snake_squiggles,
          grunt_ministairs_15, uniq_asterion
Slime:1:  layout_caves
Slime:2:  layout_caves
Slime:3:  layout_caves, nicolae_slime_round_cave, uniq_donald
Slime:4:  layout_caves
Slime:5:  slime_pit
Orc:1:    layout_caves, biasface_ghost_orc_armoury
Orc:2:    grunt_orc_cross, layout_caves
Elf:1:    minmay_the_grid_square_5x5_5x5_mashed
          [minmay_the_grid_square_5x5_beaten_path,
          minmay_the_grid_square_5x5_checkered_statues,
          minmay_the_grid_square_5x5_lines,
          minmay_the_grid_square_5x5_sharp_hourglass,
          minmay_the_grid_square_5x5_gyroscope,
          minmay_the_grid_square_5x5_misaligned,
          minmay_the_grid_square_5x5_prize_pseudospiral,
          minmay_the_grid_square_5x5_detours,
          minmay_the_grid_square_5x5_prize_rear_guard,
          minmay_the_grid_square_5x5_fancy_junction,
          minmay_the_grid_square_5x5_shrine1, minmay_the_grid_square_5x5_tie,
          minmay_the_grid_square_5x5_prize_monsterx,
          minmay_the_grid_square_5x5_eight, minmay_the_grid_square_5x5_meh,
          minmay_the_grid_square_5x5_pentomino_r,
          minmay_the_grid_square_5x5_prize_waves,
          minmay_the_grid_square_5x5_almost_minimal,
          minmay_the_grid_square_5x5_prize_itemx,
          minmay_the_grid_square_5x5_one_wall, minmay_the_grid_square_5x5_three,
          minmay_the_grid_square_5x5_tri_point, minmay_the_grid_square_5x5_plus,
          minmay_the_grid_square_5x5_shrine2,
          minmay_the_grid_square_5x5_bracketed], layout_onion_city, basic_altar
Elf:2:    nicolae_elf_blades_crystal_corner, layout_geoelf_octagon,
          serial_sigils_hangedman_shear, hangedman_research_thermodynamics
Elf:3:    elf_hall, layout_geoelf_octagon, serial_shops, shop
Vaults:1: v_misc_26, vaults_mumra_bighexcomb, nicolae_vaults_tangram_2,
          nicolae_vaults_theta, nicolae_vaults_storage_room_water,
          layout_vaults_omnigrid
Vaults:2: v_misc_15, vaults_room_fancy_cross, st_octagons_2, v_misc_14,
          v_alt_pattern_2, vaults_room_grunt_arrival_checkpoint,
          nicolae_vaults_shelves_hall, nicolae_vaults_heist,
          nicolae_vaults_taking_the_gang_shopping, nicolae_vaults_trapezoid_4,
          vaults_mumra_chevron_long, ontoclasm_vaults_fault, layout_vaults_ring
Vaults:3: minmay_crypt_entry_necro_gods, hangedman_vaults_river_flow,
          nicolae_vaults_wine_cellar, ontoclasm_vaults_spin,
          vaults_standard_mumra_enter_the_diamond, hangedman_vaults_corner,
          vaults_room_semicircle, vaults_standard_mumra_enter_the_diamond,
          ontoclasm_vaults_hangar, nicolae_vaults_offset_grid_hallway_3,
          vaults_dpeg_emergency_exit, nicolae_vaults_trapezoid_3,
          layout_vaults_maze, uniq_bai_suzhen, uniq_zenata
Vaults:4: lightli_enter_wizlab_magi_temple, ontoclasm_vaults_ligature,
          nicolae_vaults_house_3, hangedman_vaults_variations,
          nicolae_vaults_network_s, nicolae_vaults_offset_grid_hallway_3,
          vaults_mumra_minichess, nicolae_vaults_house_2, vaults_room_corners,
          layout_vaults_chaotic_city, serial_shops, bzr_firewalk, uniq_aizul,
          uniq_jory, uniq_margery
Vaults:5
Crypt:1:  layout_misc_corridors, nicolae_crypt_niches, palyth_stone_intersect,
          st_stairs_14
Crypt:2:  layout_gridlike, minivault_27, uniq_saint_roka
Crypt:3:  david_glass_crypt, layout_gridlike, minivault_26
Tomb:1
Depths:1: layout_big_octagon, nicolae_eternal_life, serial_shops, shop,
          hell_entry, nicolae_letterblocks [nicolae_letter_subblock,
          nicolae_letter_subblock, nicolae_letter_subblock,
          nicolae_letter_subblock, nicolae_letter_subblock,
          nicolae_letter_subblock, nicolae_letter_subblock,
          nicolae_letter_subblock, nicolae_letter_subblock,
          nicolae_letter_subblock, nicolae_letter_subblock,
          nicolae_letter_subblock, nicolae_letter_subblock,
          nicolae_letter_subblock, nicolae_letter_subblock,
          nicolae_letter_subblock, nicolae_letter_subblock,
          nicolae_letter_subblock, nicolae_letter_subblock,
          nicolae_letter_subblock, nicolae_letter_subblock,
          nicolae_letter_subblock, nicolae_letter_subblock,
          nicolae_letter_subblock, nicolae_letter_subblock], uniq_norris
Depths:2: kennysheep_snake, layout_cave_shapes, pan_entry, hell_entry,
          kennysheep_generic_room_3, infiniplex_staircase_spiral,
          grunt_megastairs_5, minmay_shop_star
Depths:3: cheibrodos_quadrivalence, layout_gridlike, enter_ziggurat_c,
          serial_shops, shop, nicolae_shop_peninsula, nicolae_square_shop, shop,
          nicolae_shop_statue_plus, pf_hell_entry_great_geh, abyss_entry,
          infiniplex_staircase_door_maze
Depths:4: grunt_zot_entry_hairpin, layout_basic, rand_demon_pan_entry_4,
          hell_entry, kiku_gazebo_garden_becter, minmay_statues_item
Hell
Dis:1:    layout_regular_city, nicolae_hells_leichenhalle
Dis:2:    layout_subdivisions
Dis:3:    layout_regular_city
Dis:4:    layout_gridville, hangedman_dis_decor_tower
Dis:5:    layout_gridville
Dis:6:    layout_overlapping_boxes
Dis:7:    dis_st
Geh:1:    layout_gehenna_lava_caves, gehenna_fire_generator
Geh:2:    layout_gehenna_pools_basic
Geh:3:    layout_gehenna_pools_triple, lemuel_hellish_altar
Geh:4:    layout_gehenna_lava_caves
Geh:5:    layout_gehenna_lava_caves
Geh:6:    layout_gehenna_lava_caves
Geh:7:    evilmike_geh
Coc:1:    layout_cocytus_water_paths
Coc:2:    layout_cocytus_water_paths
Coc:3:    layout_cocytus_delve, nicolae_coc_statues_of_limitations
Coc:4:    layout_cocytus_water_paths
Coc:5:    layout_ice_bergs, nicolae_coc_melting_block
Coc:6:    layout_cocytus_delve, nicolae_hells_hurtin_island
Coc:7:    coc_hangedman
Tar:1:    nicolae_tar_honey_stairs, layout_cathedral_of_symmetry
Tar:2:    nicolae_tar_intersect_combbox, layout_cathedral_of_symmetry,
          nicolae_tar_combbox
Tar:3:    layout_catacombs
Tar:4:    layout_grid_maze, nicolae_tar_grid_combs
Tar:5:    layout_grid_maze
Tar:6:    layout_grid_maze
Tar:7:    tar_minmay_river
Zot:1:    layout_cellular_growth, zot_minivault_5, uniq_tiamat
Zot:2:    kennysheep_spiral_hall, layout_basic, grunt_megastairs_1, uniq_grunn,
          uniq_parghit
Zot:3:    layout_twisted_circle
Zot:4:    circus_mu, layout_misc_corridors
Zot:5:    layout_cathedral_of_symmetry, st_stairs_1

Skill      XL: |  1  2  3  4  5  6  7  8  9 10 11 12 13 14 15 16 17 18 19 20 21 22 23 24 25 26 27 |
---------------+----------------------------------------------------------------------------------+-----
Unarmed Combat | 3 4 5 6 7 8 9 10 11 12 13 15 16 17 18 19 20 21 26 | 26.8
Fighting       | 2 3 4 5 6 7 8 9 11 12 13 14 15 16 17 18 19 21 22 27 | 27.0
Dodging        | 2 3 4 5 6 7 8 9 15 | 15.0
Shapeshifting  | 3 4 5 6 7 8 9 10 12 15 16 17 18 19 20 26 | 26.3
Shields        | 3 5 6 8 9 10 11 12 13 14 15 16 18 19 20 25 | 25.3
Armour         | 2 5 11 | 11.5
Ranged Weapons | 1 4 6 8 9 10 11 12 13 14 | 14.0
Hexes          | 3 5 7 9 10 11 13 14 15 21 | 21.3
Spellcasting   | 2 5 6 8 9 10 11 12 16 | 16.8
Stealth        | |  0.3

Action                     |  1- 3 |  4- 6 |  7- 9 | 10-12 | 13-15 | 16-18 | 19-21 | 22-24 | 25-27 || total
---------------------------+-------+-------+-------+-------+-------+-------+-------+-------+-------++-------
  Melee: Unarmed           |   102 |    76 |   370 |   639 |  1104 |   775 |   902 |  1127 |  4929 || 10024
         Punch             |     3 |     3 |    12 |     9 |       |       |     2 |       |       ||    29
         Scimitar          |       |       |       |       |       |     5 |       |       |       ||     5
         Bite              |       |       |       |       |       |       |     9 |       |       ||     9
         Tailslap          |       |       |       |       |       |       |     6 |       |       ||     6
         Headbutt          |       |       |       |       |       |       |       |   171 |       ||   171
   Fire: Greatsling        |       |       |       |       |   479 |   576 |   547 |   621 |  1143 ||  3366
   Cast: Portal Projectile |       |       |       |       |       |       |     5 |     3 |    23 ||    31
         Inner Flame       |       |       |       |       |       |       |       |     5 |     5 ||    10
         Blink             |       |       |       |       |       |       |       |     5 |     2 ||     7
         Enfeeble          |       |       |       |       |       |       |       |     3 |   415 ||   418
         Confusing Touch   |       |       |       |       |       |       |       |       |     6 ||     6
         Discord           |       |       |       |       |       |       |       |       |    49 ||    49
 Invoke: Call Merchant     |       |       |     1 |     1 |     3 |     2 |     3 |     2 |     8 ||    20
         Potion Petition   |       |       |       |     1 |       |       |       |     3 |     9 ||    13
Ability: Breathe Fire      |       |       |       |       |       |       |     2 |       |       ||     2
  Evoke: Wand              |       |       |       |     6 |       |       |       |     2 |     4 ||    12
    Use: Scroll            |     3 |       |     2 |    13 |    12 |    18 |     1 |     8 |    17 ||    74
         Potion            |       |       |       |     1 |     5 |     5 |     4 |    10 |    22 ||    47
   Stab: Distracted        |       |       |     7 |     5 |     7 |     3 |    12 |    13 |    76 ||   123
         Sleeping          |       |       |     2 |       |       |     1 |     1 |     1 |     2 ||     7
         Invisible         |       |       |       |       |       |       |       |       |    95 ||    95
 Armour: Animal skin       |    45 |    29 |   130 |   181 |       |       |       |       |       ||   385
         Chain mail        |       |       |       |    42 |   412 |    25 |       |       |       ||   479
         Leather armour    |       |       |       |       |    63 |       |       |       |       ||    63
         Skin              |       |       |       |       |       |   894 |   728 |  1206 |  3232 ||  6060
  Dodge: Dodged            |    51 |    51 |   331 |   406 |   383 |  1147 |   618 |   793 |  1969 ||  5749
         Repelled          |       |       |       |       |       |    68 |    30 |    30 |       ||   128
  Block: Kite shield       |       |       |       |   198 |   878 |  1486 |  1112 |  1613 |  5749 || 11036
         Reflection        |       |       |       |       |    44 |   246 |   120 |    67 |   188 ||   665
         Other             |       |       |       |       |       |       |     7 |       |       ||     7
   Form: Beast             |       |       |       |     1 |       |     3 |       |       |       ||     4
         Flux              |       |       |       |     1 |       |       |       |       |       ||     1
         Statue            |       |       |       |       |       |     5 |     1 |       |       ||     6
                           |       |       |       |       |       |     2 |       |       |       ||     2
         Dragon            |       |       |       |       |       |       |     1 |       |       ||     1

Table legend: (Time is in decaauts)
 A = Elapsed time spent in this place.
 B = Non-inter-level travel time spent in this place.
 C = Inter-level travel time spent in this place.
 D = Time resting spent in this place.
 E = Time spent auto-exploring this place.
 F = Levels seen in this place.
 G = Mean time per level.
                   A        B        C        D        E       F      G
               +--------+--------+--------+--------+--------+-----+--------+
         Total | 175659 | 150511 |  25148 |  48896 |  60483 | 100 | 1756.6 |
       Dungeon |  32972 |  22467 |  10505 |   8092 |  10137 |  15 | 2198.1 |
        Temple |     30 |     15 |     15 |      0 |      0 |   1 |   30.0 |
          Lair |  15145 |  13237 |   1908 |   6068 |   4444 |   5 | 3029.0 |
         Swamp |   7347 |   6612 |    735 |   1262 |   3997 |   4 | 1836.8 |
     Snake Pit |   6383 |   5903 |    480 |   1614 |   2412 |   4 | 1595.8 |
    Slime Pits |   4985 |   4762 |    223 |   1120 |   1938 |   5 |  997.0 |
  Orcish Mines |   3167 |   2790 |    377 |    992 |   1111 |   2 | 1583.5 |
   Elven Halls |   5363 |   5046 |    317 |    642 |   2850 |   3 | 1787.7 |
        Vaults |  16591 |  14632 |   1959 |   4821 |   6390 |   5 | 3318.2 |
         Crypt |   5543 |   5104 |    439 |   1446 |   2371 |   3 | 1847.7 |
          Tomb |   2431 |   2327 |    104 |    885 |    434 |   1 | 2431.0 |
        Depths |  16889 |  12509 |   4380 |   5306 |   4641 |   4 | 4222.2 |
          Hell |   3568 |   2942 |    626 |   1302 |    450 |   1 | 3568.0 |
           Dis |   7224 |   6356 |    868 |   1576 |   2545 |   7 | 1032.0 |
       Gehenna |   5779 |   5431 |    348 |    474 |   3632 |   7 |  825.6 |
       Cocytus |   7115 |   6739 |    376 |   2509 |   2368 |   7 | 1016.4 |
      Tartarus |   8841 |   8534 |    307 |   2888 |   3856 |   7 | 1263.0 |
           Zot |  15078 |  13905 |   1173 |   6424 |   3615 |   5 | 3015.6 |
         Abyss |   8636 |   8636 |      0 |   1002 |   2083 |  10 |  863.6 |
        Bazaar |    182 |    182 |      0 |      0 |    160 |   1 |  182.0 |
      Ice Cave |    542 |    542 |      0 |    238 |    138 |   1 |  542.0 |
        Wizlab |    934 |    934 |      0 |     51 |    549 |   1 |  934.0 |
      Gauntlet |    905 |    905 |      0 |    176 |    356 |   1 |  905.0 |
               +--------+--------+--------+--------+--------+-----+--------+

Top non-repeatable levels by time:
Depths:3: 7787 daAuts
Vaults:4: 6003 daAuts
  Lair:5: 4983 daAuts
    D:15: 4840 daAuts
 Abyss:1: 4662 daAuts
   Dis:7: 4439 daAuts
   Zot:3: 4382 daAuts
   Tar:7: 4266 daAuts
    D:13: 4200 daAuts
Depths:4: 4034 daAuts
    D:10: 3805 daAuts
    Hell: 3568 daAuts
   Coc:7: 3488 daAuts
     D:9: 3282 daAuts
 Swamp:4: 3256 daAuts
